 Dungeon Crawl Stone Soup version 0.25.0-10-g039870ee82 (webtiles) character file.

Game seed: 5200417836054504697

698096 Flugkiller the Englaciator (level 27, -3/184 HPs)
             Began as a Deep Elf Chaos Knight on June 22, 2020.
             Was a Favourite Plaything of Xom.
             Killed from afar by a black draconian stormcaller (23 damage)
             ... on level 5 of the Realm of Zot on June 23, 2020.
             The game lasted 03:53:47 (92474 turns).

Flugkiller the Englaciator (Deep Elf Chaos Knight) Turns: 92474, Time: 03:53:48

Health: -3/184     AC: 28    Str: 10    XL:     27
Magic:  2/68       EV: 27    Int: 37    God:    Xom [.....*]
Gold:   5299       SH:  0    Dex: 23    Spells: 32/66 levels left

rFire    + . .     SeeInvis .   b - staff of cold
rCold    + . .     Gourm    .   (no shield)
rNeg     + . .     Faith    .   Y - +4 faerie dragon scales {rN+ rCorr MP+9 Clar}
rPois    .         Spirit   .   K - +3 hat of Pondering {ponderous, MR+ MP+10 Int+5}
rElec    +         Reflect  .   i - +2 cloak {MR+}
rCorr    +         Harm     .   J - +1 pair of gloves of the Hills {Int+3}
MR       ++++.     Clarity  +   o - +2 pair of boots {run}
Stlth    +++++.....             W - amulet of the acrobat
HPRegen  0.80/turn              d - ring of wizardry
MPRegen  0.41/turn              H - ring "Sabluses" {rF+ Dex+4}

@: marked, hasted and slowed
A: fangs 1, hooves 1, horns 1, slimy green scales 1, agile 1, blink, blurry
vision 1, clarity, clever 1, regeneration 1, screaming 1, shaggy fur 1,
electricity resistance, wild magic 3, evolution 2
}: 3/15 runes: serpentine, barnacled, slimy
a: Blink, Renounce Religion


You were on level 5 of the Realm of Zot.
You worshipped Xom.
You were Xom's teddy bear.
You were not hungry.

You visited 10 branches of the dungeon, and saw 53 of its levels.
You visited the Abyss 1 time.
You visited 1 bazaar.
You also visited: Wizlab and Desolation.

You collected 11250 gold pieces.
You spent 5951 gold pieces at shops.

Inventory:

Hand Weapons
 a - the +7 pair of quick blades "Gyre" and "Gimble" {protect}
   (You found it on level 3 of the Elven Halls)

   It grants its wielder temporary protection when it strikes (+7 to AC).
 j - the +10 zealot's sword {holy, *Rage rN+ EV+3}
   (You bought it in a shop on level 2 of the Orcish Mines)

   It has been blessed by the Shining One to cause great damage to the undead
   and demons.
   It affects your evasion (+3).
   It protects you from negative energy.
   It may make you go berserk in combat.
Missiles
 q - 10 curare-tipped darts (quivered)
 Q - 11 throwing nets
Armour
 c - the +0 buckler of Esasank {+Inv rPois rF++ Int-4}
   (You found it on level 10 of the Dungeon)

   It affects your intelligence (-4).
   It greatly protects you from fire.
   It protects you from poison.
   It lets you turn invisible.
 i - a +2 cloak of magic resistance (worn)
   (You found it on level 3 of the Elven Halls)
 o - a +2 pair of boots of running (worn)
   (You found it on level 3 of the Elven Halls)
 J - the +1 pair of gloves of the Hills (worn) {Int+3}
   (You bought it in a shop on level 4 of the Vaults)

   It affects your intelligence (+3).
 K - the +3 hat of Pondering (worn) {ponderous, MR+ MP+10 Int+5}
   (You took it off Gastronok on level 2 of the Lair of Beasts)

   It affects your intelligence (+5).
   It affects your resistance to hostile enchantments.
   It affects your magic capacity (+10).
 Y - the +4 faerie dragon scales (worn) {rN+ rCorr MP+9 Clar}
   (You took it off the Enchantress on level 4 of the Depths)

   It protects you from negative energy.
   It affects your magic capacity (+9).
   It protects you against confusion.
   It provides partial protection from all sources of acid and corrosion.
Magical Staves
 b - an uncursed staff of cold (weapon)
   (You found it on level 3 of the Elven Halls)
Jewellery
 d - a ring of wizardry (left hand)
   (You took it off a centaur on level 1 of the Shoals)
 v - the ring "Ataamei" {rPois rC+ Str+2 Dex+2}
   (You found it on level 1 of the Shoals)

   [ring of poison resistance]

   It affects your strength (+2).
   It affects your dexterity (+2).
   It protects you from cold.
   It protects you from poison.
 G - the ring of Piopo {Slay+5 SInv}
   (You found it on level 4 of the Lair of Beasts)

   [ring of see invisible]

   It affects your accuracy and damage with ranged weapons and melee attacks
   (+5).
   It lets you see invisible.
 H - the ring "Sabluses" (right hand) {rF+ Dex+4}
   (You found it on level 6 of the Lair of Beasts)

   [ring of protection from fire]

   It affects your dexterity (+4).
   It protects you from fire.
 W - an amulet of the acrobat (around neck)
   (You bought it in a shop on level 1 of the Snake Pit)
 X - a +4 ring of evasion
   (You found it on level 11 of the Dungeon)
Wands
 n - a wand of acid (21)
   (You found it on level 4 of the Vaults)
 x - a wand of enslavement (8)
   (You found it on level 6 of the Lair of Beasts)
 I - a wand of disintegration (5)
   (You found it on level 2 of the Elven Halls)
 L - a wand of clouds (7)
   (You took it off an orc warrior on level 4 of the Vaults)
 N - a wand of digging (22)
   (You found it on level 3 of the Lair of Beasts)
 V - a wand of paralysis (19)
   (You found it on level 2 of the Elven Halls)
 Z - a wand of iceblast (8)
   (You found it on level 5 of the Pits of Slime)
Scrolls
 f - 3 scrolls of silence
 l - 10 scrolls of immolation
 w - a scroll of fear
 C - 35 scrolls of remove curse
 F - 2 scrolls of magic mapping
 M - 10 scrolls of fog
 O - 4 scrolls of holy word
 P - 7 scrolls of teleportation
 R - 3 scrolls of vulnerability
 S - 13 scrolls of identify
Potions
 g - 4 potions of brilliance
 k - 6 potions of might
 p - a potion of ambrosia
 r - 5 potions of resistance
 s - 4 potions of stabbing
 t - 6 potions of curing
 u - a potion of invisibility
 y - a potion of cancellation
 A - 2 potions of flight
 B - 6 potions of heal wounds
 D - 9 potions of haste
Miscellaneous
 E - 3 boxes of beasts
 T - a tin of tremorstones (3/3)
   (You found it on level 6 of the Lair of Beasts)
 U - 4 phantom mirrors
Comestibles
 e - 25 rations


   Skills:
 - Level 22.0 Fighting
 - Level 5.5(11.3) Short Blades
 - Level 13.8(14.1) Long Blades
 - Level 3.8 Staves
 - Level 11.0 Armour
 - Level 18.0 Dodging
 - Level 12.0 Stealth
 - Level 4.0 Shields
 - Level 20.0 Spellcasting
 - Level 14.0 Hexes
 - Level 7.0 Charms
 - Level 2.0 Translocations
 O Level 27 Ice Magic
 + Level 14.3 Evocations


You had 32 spell levels left.
You knew the following spells:

 Your Spells              Type           Power        Failure   Level  Hunger
a - Invisibility          Hex            ########     1%          6    None
b - Darkness              Hex            ########..   1%          6    None
c - Confusing Touch       Hex            ########     1%          3    None
d - Spectral Weapon       Hex/Chrm       ########     1%          3    None
e - Absolute Zero         Ice            #########.   4%          9    #####..
f - Summon Mana Viper     Hex/Summ       ########     4%          5    None
r - Blink                 Tloc           N/A          2%          2    None

Your spell library contained the following spells:

 Spells                   Type           Power        Failure   Level  Hunger
 Apportation              Tloc           ######       1%          1    None
 Corona                   Hex            #######      1%          1    None
 Freeze                   Ice            ####         1%          1    None
 Infusion                 Chrm           ####         1%          1    None
 Ensorcelled Hibernation  Hex/Ice        ######       1%          2    None
 Slow                     Hex            ########     1%          2    None
 Swiftness                Chrm/Air       #######.     1%          2    None
 Dazzling Flash           Conj/Hex       ######       1%          3    None
 Frozen Ramparts          Ice            ######       1%          3    None
 Inner Flame              Hex/Fire       ########     1%          3    None
 Ozocubu's Armour         Chrm/Ice       ########     1%          3    None
 Summon Guardian Golem    Hex/Summ       ########     1%          3    None
 Tukima's Dance           Hex            ########     1%          3    None
 Cause Fear               Hex            ########..   1%          4    None
 Hailstorm                Conj/Ice       ########     1%          4    None
 Summon Ice Beast         Ice/Summ       ########     1%          4    None
 Animate Skeleton         Necr           N/A          2%          1    None
 Foxfire                  Conj/Fire      ####         2%          1    None
 Magic Dart               Conj           ####         2%          1    None
 Pain                     Necr           ####         2%          1    None
 Sandblast                Erth           ######       2%          1    None
 Shock                    Conj/Air       ####         2%          1    None
 Summon Butterflies       Summ           ######..     2%          1    None
 Summon Small Mammal      Summ           ####         2%          1    None
 Fulminant Prism          Conj/Hex       ########..   2%          4    None
 Leda's Liquefaction      Hex/Erth       ########..   2%          4    None
 Simulacrum               Ice/Necr       #########.   2%          6    None
 Call Imp                 Summ           ######..     3%          2    None
 Passwall                 Tmut/Erth      ######..     3%          2    None
 Poisonous Vapours        Pois/Air       ######       3%          2    None
 Searing Ray              Conj           ######       3%          2    None
 Sticks to Snakes         Tmut           ######..     3%          2    None
 Lesser Beckoning         Tloc           #######...   3%          3    None
 Recall                   Summ/Tloc      N/A          4%          3    None
 Silence                  Hex/Air        ########..   4%          5    None
 Yara's Violent Unravell  Hex/Tmut       ########..   4%          5    None
 Call Canine Familiar     Summ           ######..     5%          3    None
 Conjure Flame            Conj/Fire      ######..     5%          3    None
 Ignite Poison            Fire/Tmut/Pois ######..     5%          3    None
 Mephitic Cloud           Conj/Pois/Air  ######..     5%          3    None
 Spider Form              Tmut/Pois      ######....   5%          3    None
 Static Discharge         Conj/Air       ######..     5%          3    None
 Stone Arrow              Conj/Erth      ######       5%          3    None
 Vampiric Draining        Necr           ######....   5%          3    None
 Freezing Cloud           Conj/Ice/Air   ########..   6%          6    None
 Iskenderun's Mystic Bla  Conj/Tloc      ######..     10%         4    None
 Airstrike                Air            ######....   12%         4    None
 Animate Dead             Necr           N/A          12%         4    None
 Dispel Undead            Necr           ######..     12%         4    None
 Olgreb's Toxic Radiance  Pois           ######..     12%         4    None
 Petrify                  Tmut/Erth      ######..     12%         4    None
 Sticky Flame             Conj/Fire      ######..     12%         4    None
 Summon Lightning Spire   Summ/Air       ######..     12%         4    None
 Summon Forest            Summ/Tloc      ######....   21%         5    None
 Discord                  Hex            ########..   22%         8    ###....
 Agony                    Necr           ######..     26%         5    None
 Alistair's Intoxication  Tmut/Pois      ######..     26%         5    None
 Aura of Abjuration       Summ           ######....   26%         5    None
 Borgnjor's Vile Clutch   Necr/Erth      ######....   26%         5    None
 Fireball                 Conj/Fire      ######....   26%         5    None
 Irradiate                Conj/Tmut      ######....   26%         5    None
 Lee's Rapid Deconstruct  Erth           ######....   26%         5    None
 Lightning Bolt           Conj/Air       ######....   26%         5    None
 Summon Demon             Summ           ######....   26%         5    None
 Conjure Ball Lightning   Conj/Air       ######....   71%         6    None
 Death Channel            Necr           ######....   71%         6    None
 Hydra Form               Tmut           ######....   71%         6    None
 Shadow Creatures         Summ           N/A          71%         6    None
 Starburst                Conj/Fire      ######....   71%         6    None
 Statue Form              Tmut/Erth      ######...    71%         6    None
 Ring of Flames           Chrm/Fire      #######...   80%         7    None
 Dragon Form              Tmut           ######....   99%         7    None
 Summon Hydra             Summ           ######....   99%         7    None
 Chain Lightning          Conj/Air       ######....   100%        8    ###....
 Ignition                 Fire           ######....   100%        8    ###....
 Lehudib's Crystal Spear  Conj/Erth      ######....   100%        8    ###....
 Dragon's Call            Summ           ######....   100%        9    #####..
 Fire Storm               Conj/Fire      ######....   100%        9    #####..
 Tornado                  Air            ######....   100%        9    #####..


Dungeon Overview and Level Annotations

Branches:
Dungeon (15/15)            Temple (0/1) D:5            Lair (6/6) D:8
 Shoals (4/4) Lair:3        Snake (4/4) Lair:2        Slime (5/5) Lair:5
    Orc (2/2) D:10            Elf (3/3) Orc:2        Vaults (4/5) D:14
  Crypt (0/3) Vaults:2     Depths (5/5) D:15            Zot (5/5) Depths:5
 WizLab (visited)         Desolation (visited)

Altars:
Fedhas
Kikubaaqudgha
Okawaru
Qazlal
Sif Muna
Uskayaw
Vehumet
Wu Jian
Xom
Zin
The Shining One
Jiyva
Lugonu

Shops:
D:10 *   D:11 =   D:13 *   Orc:1 *   Orc:2 =*[(   Elf:1 (   Elf:3 *
Shoals:3 *   Snake:1 =%   Snake:2 ==}   Vaults:3 !*   Vaults:4 [(=%

Portals:
Hell: Depths:1 Depths:2 Depths:3 Depths:4 Depths:5
Abyss: Depths:2 Depths:4
Pandemonium: Depths:3
Ziggurat: Depths:2

Annotations:
D:10 1 transporter, Trobe's ghost, novice MiFi
D:12 Jorgrun
D:15 Rupert
Elf:2 3 runed translucent doors
Depths:1 1 runed translucent door
Depths:2 exclusions: ancient lich and 2 more exclusions


Innate Abilities, Weirdness & Mutations

You have very sharp teeth.
You have large cloven feet.
You have a pair of small horns on your head.
You are partially covered in slimy green scales. (AC +2)
You are agile. (Dex +2)
You can translocate small distances at will.
Scrolls take you a little longer to read.
You possess an exceptional clarity of mind.
Your mind is acute. (Int +2)
Your natural rate of healing is unusually fast.
You occasionally shout uncontrollably at your foes.
You are covered in fur. (AC +1)
You are resistant to electric shocks. (rElec)
Your spells are much harder to cast, but much more powerful.
You rapidly evolve.


Message History

Your sun demon hits the death cob!
The death cob is engulfed in flames!
The moth of wrath barely misses you.
Your smoke demon gestures at the death cob.
The sticky flame hits the death cob.
The death cob is covered in liquid flames!
As you read the scroll of summoning, it crumbles to dust.
Wisps of shadow whirl around you...
Unknown command.
Casting: Blink (safe; 2% risk of failure)
Confirm with . or Enter, or press ? or * to list all spells.
You blink.
The death cob burns!
The Orb Guardian hits your shadow dragon!!
Something hits you.
* * * LOW HITPOINT WARNING * * *
The Orb Guardian hits your shadow dragon!!!
The moth of wrath bites your shadow dragon but does no damage.
The white draconian breathes frost at you.
The chilling blast misses you. The death cob hits your smoke demon!!
The death cob drains your smoke demon's vigour!
Your smoke demon seems to slow down.
The black draconian stormcaller mumbles some strange prayers to Qazlal.
Send 'em back where they came from!
Your quasit shudders.
Your smoke demon shudders.
Your sun demon disappears in a puff of smoke!
Your shadow dragon dissolves into shadows!
Your yellow draconian knight dissolves into shadows!
Your red draconian shifter dissolves into shadows!
Your white draconian dissolves into shadows!
Your purple draconian dissolves into shadows!
You hear some strange, mumbled words.
A shard of ice appears from out of thin air!
The shard of ice misses you.
Unknown command.
Unknown command.
Casting: Blink (safe; 2% risk of failure)
Confirm with . or Enter, or press ? or * to list all spells.
You blink.
The Orb Guardian shaped block of ice melts away.
Your smoke demon disappears in a puff of smoke!
The death cob burns!
The Orb Guardian closely misses your quasit.
The Orb Guardian hits your quasit!!!
Your quasit dies!
The black draconian breathes lightning at you.
The bolt of lightning misses you.
The Killer Klown does a flip.
The black draconian stormcaller mumbles some strange prayers to Qazlal against you.
The blast of ice hits you!! You partially resist.
You die...
Xom chortles!

#....## ##....# ,
###8._###########...#*
, ,,
.###.§.....§....d..#
,,,, .#
##.8.....Xy....## *X,
, .# #_..._§..q..{_#
*^,, .#
##.....z§...p## , .#
#...........# ,,, ^#
##.§.§.d.....## ,
#..^......[.@.# *, ,
##....?........## *^ ,
#...............#
########y######## #..#
##.## #..# ##.## #..#


You could see a Killer Klown, a black draconian (catching breath), a white
draconian, a death cob (burning), a black draconian stormcaller, an Orb Guardian
(berserk) and 2 moths of wrath.

Vanquished Creatures
  the Royal Jelly (Slime:5)
  An ancient lich (Zot:5)
  3 orbs of fire
  Sojobo (Vaults:1)
  Frederick (Vaults:3)
  Bai Suzhen (Snake:2)
  4 curse toes
  A caustic shrike (Depths:3)
  17 golden dragons
  the Enchantress (Depths:4)
  Nikola (Depths:3)
  4 electric golems
  11 Orb Guardians (Zot:5)
  A lich (Vaults:4)
  20 tentacled monstrosities
  2 deep elf master archers (Elf:3)
  A deep elf blademaster (Elf:3)
  8 quicksilver dragons
  Gastronok (Lair:2)
  A sphinx (Depths:2)
  A tentacled starspawn (Abyss:2)
  9 death cobs
  9 shadow dragons
  24 acid blobs
  2 tengu reavers
  6 nagarajas
  16 storm dragons
  Agnes (Vaults:1)
  13 azure jellies
  8 draconian monks
  6 frost giants
  3 fire giants
  2 draconian knights (Zot:4)
  11 draconian scorchers
  An orc warlord (Orc:2)
  Louise (Shoals:4)
  5 draconian stormcallers
  3 deep elf sorcerers (Elf:3)
  13 draconian annihilators
  8 vault wardens
  A ghost moth (Zot:4)
  4 imperial myrmidons (Desolation)
  7 draconian shifters
  9 ironheart preservers
  7 spriggan defenders
  An angel (Depths:4)
  12 stone giants
  2 deep elf elementalists (Elf:3)
  14 very ugly things
  15 black draconians
  A vampire knight (Depths:3)
  11 green draconians
  4 deep elf demonologists (Elf:3)
  9 starcursed masses (Abyss:2)
  14 white draconians
  4 yellow draconians
  Nessos (D:12)
  10 deep elf annihilators
  17 purple draconians
  27 red draconians
  2 minotaurs
  A spark wasp (Depths:4)
  3 ettins
  A crystal guardian (Desolation)
  8 merfolk javelineers
  3 jiangshi (Depths:4)
  10 merfolk impalers
  The ghost of Flakmanz the Fighter, a journeyman MiAr of Okawaru (D:11)
  5 ragged hierophants (Desolation)
  9 servants of whispers (Desolation)
  8 deep elf death magi
  12 fire dragons
  6 death oozes (Slime:5)
  13 yaktaur captains
  7 deep elf high priests
  8 ice dragons
  14 naga warriors
  2 rakshasas
  8 vault guards
  8 spriggan air magi
  6 hydras
  12 great orbs of eyes
  3 alligator snapping turtles
  3 catoblepae (Lair:6)
  5 merfolk avatars
  10 centaur warriors
  7 peacekeepers (Desolation)
  10 anacondas
  6 merfolk aquamancers
  8 deep troll shamans
  A satyr (Shoals:1)
  53 two-headed ogres
  3 death knights (Vaults:3)
  A queen ant (Shoals:4)
  16 dancing weapons
  11 deep troll earth magi
  17 ogre magi
  A hell hog (Abyss:2)
  5 spriggan berserkers
  6 tengu warriors
  8 death yaks
  15 naga sharpshooters
  4 orc high priests
  3 vampire magi
  2 thrashing horrors (Abyss:2)
  A shock serpent (Snake:2)
  Nergalle (D:12)
  17 deep elf knights
  2 wretched stars (Abyss:2)
  3 salamander mystics
  5 small abominations
  A shadow wraith (Vaults:1)
  4 iron trolls
  A golden dragon zombie (Depths:4)
  11 sea snakes
  4 skeletal warriors
  A gelid demonspawn (Depths:3)
  7 hell knights
  A death drake (Depths:5)
  5 glowing orange brains
  2 unseen horrors (D:15)
  2 flayed ghosts
  5 naga ritualists
  A sixfirhy (Depths:3)
  A fire crab (Snake:3)
  3 wizards
  18 deep elf archers
  2 orange crystal statues
  38 deep trolls
  4 phantasmal warriors
  A lindwurm (shapeshifter) (Depths:3)
  17 ironbrand convokers
  Pikel (D:7)
  5 lindwurms
  17 orc knights
  A torturous demonspawn (Depths:3)
  4 necromancers
  A mana viper (shapeshifter) (Depths:3)
  45 ugly things
  An oklob plant (Lair:1)
  22 harpies
  71 deep elf magi
  14 manticores
  10 mana vipers
  5 fauns
  3 shining eyes
  8 orc sorcerers
  A cyclops (shapeshifter) (Depths:4)
  11 cyclopes
  6 salamanders
  9 merfolk sirens
  27 moths of wrath
  27 black mambas
  3 large abominations (Abyss:2)
  A fire giant skeleton (Depths:4)
  2 rust devils (Depths:3)
  4 elephants (Shoals:1)
  9 vault sentinels
  3 centaur zombies
  5 eyes of devastation
  8 water nymphs
  5 guardian serpents
  A torpor snail (Lair:6)
  A storm dragon simulacrum (Vaults:1)
  A gargoyle (D:11)
  62 yaktaurs
  A spiny frog (shapeshifter) (Depths:1)
  A water nymph (shapeshifter) (Vaults:3)
  13 naga magi
  10 spiny frogs
  2 rime drakes (shapeshifter)
  7 centaur skeletons
  5 freezing wraiths
  2 rime drakes
  5 komodo dragons
  2 tengu conjurers
  2 efreet
  An ancient zyme (Abyss:2)
  A tormentor (Depths:3)
  An ice devil (Depths:4)
  2 trolls (shapeshifter)
  3 meliai (Shoals:1)
  A queen bee (D:11)
  A jumping spider (D:14)
  30 merfolk
  14 hornets
  A merfolk (shapeshifter) (Orc:2)
  A queen bee (shapeshifter) (Elf:2)
  A wind drake (shapeshifter) (Vaults:4)
  8 trolls
  2 wind drakes
  A polar bear (shapeshifter) (Vaults:4)
  2 hornets (shapeshifter)
  5 dream sheep
  89 slime creatures
  14 hippogriffs
  3 meliai zombies
  27 blink frogs
  A frost giant simulacrum (Vaults:3)
  11 snapping turtles
  56 saltlings (Desolation)
  An air elemental (Elf:2)
  26 water elementals
  12 spriggans
  2 shadows
  4 wraiths
  A redback (shapeshifter) (Vaults:1)
  7 humans
  A tarantella (shapeshifter) (D:15)
  2 yaks (shapeshifter)
  2 chaos spawn
  A hungry ghost (D:11)
  2 basilisks (shapeshifter)
  2 golden eyes (Slime:4)
  A golden eye (shapeshifter) (D:15)
  2 steam dragons
  5 basilisks
  22 fire elementals
  12 hogs
  68 yaks
  3 vampire mosquitoes
  A soldier ant (shapeshifter) (Vaults:4)
  A yaktaur simulacrum (Vaults:3)
  5 wargs
  2 acid dragons
  68 nagas
  A swamp worm (Elf:1)
  A floating eye (Slime:5)
  A soldier ant (Shoals:2)
  20 water moccasins
  9 porcupines
  A wandering mushroom (Lair:1)
  51 orc warriors
  3 swamp drakes (Depths:5)
  3 ice beasts
  A sky beast (D:12)
  A black bear (D:9)
  An eye of draining (shapeshifter) (Vaults:1)
  63 ogres
  A phantom (D:7)
  4 eyes of draining
  4 boggarts
  4 wolves (Lair:6)
  31 centaurs
  25 crocodiles
  5 big kobolds
  Blork the orc (D:6)
  2 earth elementals
  A gnoll sergeant (D:10)
  20 bullfrogs
  A glowing shapeshifter simulacrum (Depths:4)
  A wyvern zombie (D:7)
  A hornet simulacrum (D:14)
  5 scorpions
  19 killer bees
  2 jellies
  A human simulacrum (Vaults:2)
  5 wights (D:12)
  5 electric eels
  5 crimson imps
  7 howler monkeys
  4 quasits
  9 hounds
  4 bullfrog skeletons
  24 orc wizards
  20 orc priests
  3 gnoll shamans (D:9)
  11 iguanas
  2 iron imps
  7 worker ants
  A hound zombie (D:6)
  A howler monkey zombie (D:8)
  2 worker ant zombies
  17 adders
  10 gnolls
  4 shadow imps
  2 white imps (Depths:3)
  An ufetubus (Abyss:2)
  An ooze (D:4)
  An adder zombie (D:4)
  3 worms
  3 dart slugs
  12 leopard geckos
  98 orcs
  11 bats
  6 giant cockroaches
  6 goblins
  4 hobgoblins
  12 jackals
  4 quokkas
  3 ball pythons
  14 frilled lizards
  15 kobolds
  A quokka skeleton (D:4)
  7 rats
  5 blocks of ice
  A fire vortex (Lair:1)
  3 plants (D:2)
  5 spectral weapons
  A starspawn tentacle (Abyss:2)
2513 creatures vanquished.

Vanquished Creatures (collateral kills)
  Kirke (D:15)
  A nagaraja (Snake:4)
  A vault warden (Vaults:3)
  An ettin (D:15)
  A naga warrior (Snake:4)
  A vault guard (Vaults:3)
  A servant of whispers (Desolation)
  A hydra (Lair:5)
  An anaconda (Snake:3)
  2 death yaks (Lair:6)
  2 two-headed ogres (D:10)
  A naga sharpshooter (Snake:3)
  A deep elf knight (Elf:1)
  A deep troll (Depths:3)
  4 lindwurms (Lair:6)
  A naga ritualist (Snake:3)
  A mana viper (Snake:2)
  2 ugly things
  A merfolk siren (Shoals:2)
  A spiny frog (Lair:6)
  2 naga magi (Snake:3)
  A hippogriff (Lair:6)
  A blink frog (Lair:5)
  A dream sheep (Lair:6)
  4 saltlings (Desolation)
  An air elemental (Elf:2)
  6 yaks
  4 nagas
  An ogre (Vaults:1)
  2 wolves (Lair:6)
  A centaur (D:7)
  A crocodile (Lair:6)
  A bullfrog (D:8)
  3 killer bees (D:10)
  An electric eel (D:10)
  A crimson imp (D:7)
  A hound (D:10)
  An orc priest (D:4)
  An orc wizard (D:4)
  A bullfrog skeleton (D:10)
  2 worker ants (D:7)
  An adder zombie (D:10)
  A leopard gecko (D:7)
  2 kobolds (D:7)
  A plant (Lair:1)
68 creatures vanquished.

Vanquished Creatures (others)
  A very ugly thing (Depths:1)
  A vampire knight (Depths:3)
  A merfolk impaler (Shoals:4)
  A deep elf high priest (Elf:3)
  An anaconda (Snake:4)
  6 dancing weapons
  2 ugly things
  A moth of wrath (Zot:4)
  A merfolk siren (Shoals:4)
  A naga mage (Snake:2)
  Maggie (D:8)
  3 yaktaurs
  A troll (shapeshifter) (Elf:2)
  A merfolk (Shoals:1)
  A hornet (Depths:5)
  3 blink frogs (Lair:2)
  A saltling (Desolation)
  A human (D:14)
  2 water elementals (Elf:2)
  A swamp drake (Depths:5)
  2 slaves (D:7)
  2 centaurs
  A bullfrog (D:7)
  A jelly (Depths:1)
  A frilled lizard (Lair:3)
  266 blocks of ice
  14 fungi
  58 plants
  142 spectral weapons
  2 starspawn tentacles (Abyss:2)
  5 tentacles (Shoals:4)
525 creatures vanquished.

Grand Total: 3106 creatures vanquished

Notes
Turn   | Place    | Note
-------+----------+-------------------------------------------
     0 | D:1      | Flugkiller the Deep Elf Chaos Knight began the quest for
                  | the Orb.
     0 | D:1      | Reached XP level 1. HP: 13/13 MP: 3/3
   445 | D:1      | XOM: cloud trail
   568 | D:1      | Reached XP level 2. HP: 18/18 MP: 4/4
   693 | D:1      | XOM: silly message
   776 | D:1      | XOM: divination: magic mapping
  1504 | D:2      | Reached skill level 1 in Stealth
  1504 | D:2      | Reached XP level 3. HP: 22/22 MP: 5/5
  1606 | D:2      | XOM: cloud trail
  1950 | D:2      | Found an iron altar of Okawaru.
  1981 | D:2      | XOM: noise
  1982 | D:2      | XOM: polymorph gnoll -> bat
  2011 | D:2      | XOM: divination: detect creatures
  2018 | D:2      | Reached XP level 4. HP: 27/27 MP: 6/6
  2230 | D:2      | XOM: divination: detect items
  3020 | D:3      | XOM: give mutations
  3020 | D:3      | Gained mutation: You occasionally shout uncontrollably at
                  | your foes. [Xom's mischief]
  3020 | D:3      | Gained mutation: You are clumsy. (Dex -2) [Xom's mischief]
  3020 | D:3      | Gained mutation: You are very clumsy. (Dex -4) [Xom's
                  | mischief]
  3020 | D:3      | Gained mutation: You are resistant to electric shocks.
                  | (rElec) [Xom's mischief]
  3103 | D:3      | Found an ornate altar of the Wu Jian Council.
  3112 | D:3      | XOM: cleaving
  3114 | D:3      | XOM: confusion (+ monsters)
  3125 | D:3      | XOM: silly message
  3345 | D:3      | Reached XP level 5. HP: 25/32 MP: 7/7
  3478 | D:3      | XOM: give mutations
  3478 | D:3      | Gained mutation: Scrolls take you a little longer to read.
                  | [Xom's mischief]
  3478 | D:3      | Gained mutation: You are dopey. (Int -2) [Xom's mischief]
  3577 | D:4      | Noticed a phantom
  3589 | D:4      | XOM: potion effect (haste)
  3630 | D:3      | XOM is BORED!
  3630 | D:3      | XOM: give mutations
  3630 | D:3      | Lost mutation: You are dopey. (Int -2) [Xom's mischief]
  3630 | D:3      | Lost mutation: You are resistant to electric shocks.
                  | (rElec) [Xom's mischief]
  3630 | D:3      | Gained mutation: You are weak. (Str -2) [Xom's mischief]
  3630 | D:3      | Gained mutation: You tend to lose your temper in combat.
                  | [Xom's mischief]
  3826 | D:4      | XOM: cast spell 'Statue Form'
  3830 | D:4      | XOM: summons friendly shadow imp
  3838 | D:4      | XOM: noise
  3856 | D:4      | XOM: confusion (+ monsters)
  4262 | D:3      | XOM: give mutations
  4262 | D:3      | Gained mutation: You are very weak. (Str -4) [Xom's
                  | mischief]
  4262 | D:3      | Lost mutation: You tend to lose your temper in combat.
                  | [Xom's mischief]
  4294 | D:4      | Noticed an ogre
  4332 | D:4      | XOM: summons friendly shadow imp
  4339 | D:4      | XOM: enchant monster (good)
  4343 | D:4      | Reached skill level 5 in Dodging
  4448 | D:4      | XOM: confuse monster(s)
  4453 | D:4      | XOM: summons 5 friendly demons
  4461 | D:4      | XOM: polymorph shadow imp -> iron imp
  4483 | D:4      | Reached XP level 6. HP: 33/38 MP: 8/8
  4668 | D:4      | XOM: 3-stop teleportation journey
  5009 | D:3      | XOM: give mutations
  5009 | D:3      | Gained mutation: Your flesh is heat resistant. (rF+) [Xom's
                  | grace]
  5009 | D:3      | Lost mutation: You are very weak. (Str -4) [Xom's grace]
  5009 | D:3      | Gained mutation: You evolve. [Xom's grace]
  5009 | D:3      | Gained mutation: You expend magic power (3 MP) to
                  | strengthen your wands. [Xom's grace]
  5187 | D:4      | XOM: silly message
  5420 | D:4      | XOM: summons 6 friendly demons
  5551 | D:5      | Entered Level 5 of the Dungeon
  5556 | D:5      | Reached XP level 7. HP: 44/44 MP: 9/9
  5678 | D:5      | XOM: god gift: 11 stones
  5795 | D:5      | Reached skill level 5 in Fighting
  6039 | D:5      | XOM: noise
  6231 | D:5      | Found a staircase to the Ecumenical Temple.
  6262 | D:5      | HP: 1/44 [bullfrog (3)]
  6375 | D:5      | XOM: potion effect (haste)
  6383 | D:5      | XOM: blink monster(s)
  6872 | D:4      | XOM: give mutations
  6872 | D:4      | Lost mutation: You are very clumsy. (Dex -4) [Xom's
                  | mischief]
  6872 | D:4      | Gained mutation: You are surrounded by a mild repulsion
                  | field. (EV +2) [Xom's mischief]
  7143 | D:5      | XOM: 2-stop teleportation journey
  7145 | D:5      | XOM: butterfly on damage
  7159 | D:5      | XOM: fake destruction
  7184 | D:5      | XOM: silly message
  7212 | D:5      | XOM: divination: detect items
  7220 | D:5      | XOM: potion effect (curing)
  7245 | D:5      | XOM: silly message
  7264 | D:5      | XOM: cast spell 'Olgreb's Toxic Radiance'
  7563 | D:5      | XOM: silly message
  7729 | D:5      | XOM: silly message
  7829 | D:5      | Reached skill level 1 in Short Blades
  8060 | D:6      | XOM: silly message
  8153 | D:6      | Reached XP level 8. HP: 41/49 MP: 10/10
  8153 | D:6      | XOM: enchant monster (bad)
  8281 | D:6      | XOM: confuse monster(s)
  8323 | D:6      | XOM: 3-stop teleportation journey
  8558 | D:6      | Found a stormy altar of Qazlal.
  8668 | D:6      | Found a glowing golden altar of the Shining One.
  8670 | D:6      | Found a shimmering blue altar of Sif Muna.
  8760 | D:6      | XOM: polymorph ogre -> worm
  9047 | D:6      | XOM: give mutations
  9047 | D:6      | Gained mutation: You are very clumsy. (Dex -4) [Xom's
                  | mischief]
  9047 | D:6      | Gained mutation: Your flesh is very heat resistant. (rF++)
                  | [Xom's mischief]
  9083 | D:6      | XOM: noise
  9167 | D:6      | Noticed Blork the orc
  9175 | D:6      | Killed Blork the orc
  9297 | D:6      | XOM: stat loss: -1 Str (6/7)
  9422 | D:7      | Found a blossoming altar of Fedhas.
  9425 | D:7      | XOM: summons 5 friendly demons
  9437 | D:7      | XOM: cast spell 'Summon Small Mammal'
  9459 | D:7      | XOM: noise
  9463 | D:6      | XOM: enchant monster (bad)
  9620 | D:7      | XOM: silly message
  9848 | D:7      | Noticed Pikel
 10261 | D:7      | XOM: cast spell 'Necromutation'
 10271 | D:7      | XOM: polymorph slave -> hog
 10278 | D:7      | XOM: enchant monster (bad)
 10302 | D:7      | XOM: potion effect (haste)
 10314 | D:7      | XOM: potion effect (invisibility)
 10660 | D:6      | XOM: noise
 10742 | D:6      | XOM: divination: detect items
 10753 | D:6      | XOM: divination: magic mapping
 10820 | D:6      | XOM: cast spell 'Call Canine Familiar'
 10911 | D:6      | XOM: cast spell 'Summon Small Mammal'
 10913 | D:6      | Lost mutation: You are weak. (Str -2) [evolution]
 11228 | D:6      | XOM: smoke on damage
 11464 | D:6      | XOM: noise
 11483 | D:6      | XOM: summons 4 friendly demons
 11620 | D:7      | XOM: smoke on damage
 11662 | D:6      | Gained mutation: You have a beak for a mouth. [evolution]
 11905 | D:7      | XOM: confuse monster(s)
 11916 | D:7      | Reached XP level 9. HP: 59/59 MP: 11/11
 11917 | D:7      | XOM: potion effect (haste)
 12108 | D:8      | Found a hide-covered altar of Uskayaw.
 12114 | D:8      | Noticed Maggie
 12132 | D:8      | XOM: smoke on damage
 12165 | D:7      | XOM: give mutations
 12165 | D:7      | Lost mutation: You are very clumsy. (Dex -4) [Xom's
                  | mischief]
 12165 | D:7      | Gained mutation: Your body sometimes deteriorates upon
                  | taking damage. [Xom's mischief]
 12165 | D:7      | Gained mutation: Your movements are slightly less
                  | encumbered by armour. (ER -2) [Xom's mischief]
 12378 | D:7      | Killed Pikel
 12488 | D:8      | XOM: divination: magic mapping
 12499 | D:8      | XOM: swap monsters
 12500 | D:8      | Reached skill level 10 in Dodging
 12514 | D:8      | XOM: stat loss: -1 Str (7/9)
 12572 | D:8      | Got a crystal dagger
 12575 | D:8      | Identified the +8 dagger of Causality {venom, rPois rC+
                  | Str-4 Dex+3} (You found it on level 8 of the Dungeon)
 12591 | D:8      | Your ally died
 12596 | D:8      | XOM: chaos cloud
 12604 | D:8      | Found a staircase to the Lair.
 12857 | D:8      | XOM: blink monster(s)
 12999 | D:8      | XOM: noise
 13006 | D:8      | Reached skill level 1 in Evocations
 13006 | D:8      | Reached XP level 10. HP: 64/64 MP: 12/12
 13029 | D:8      | XOM: swap monsters
 13112 | D:8      | Reached skill level 1 in Armour
 13224 | D:8      | Noticed a death yak
 13224 | D:8      | Noticed a death yak
 13225 | D:8      | Noticed a death yak
 13255 | D:8      | XOM: 2-stop teleportation journey
 13407 | D:8      | XOM: butterfly on damage
 13415 | D:8      | XOM: cast spell 'Leda's Liquefaction'
 13501 | D:7      | XOM: give mutations
 13501 | D:7      | Lost mutation: You are clumsy. (Dex -2) [Xom's mischief]
 13501 | D:7      | Lost mutation: Scrolls take you a little longer to read.
                  | [Xom's mischief]
 13668 | D:9      | Noticed an orange crystal statue
 13668 | D:9      | Noticed a two-headed ogre
 13681 | D:9      | XOM: 3-stop teleportation journey
 13693 | D:9      | XOM: 1-stop teleportation journey
 13823 | D:9      | XOM: silly message
 13825 | D:9      | XOM: 1-stop teleportation journey
 13874 | D:9      | XOM: summons 4 hostile shadow creatures
 13875 | D:9      | Noticed a two-headed ogre
 14128 | D:9      | Killed a two-headed ogre
 14128 | D:9      | Reached skill level 5 in Armour
 14337 | D:9      | You fall into a shaft and drop 2 floors!
 14338 | D:11     | Noticed a two-headed ogre
 14341 | D:10     | Entered Level 10 of the Dungeon
 14354 | D:10     | XOM: 2-stop teleportation journey
 14364 | D:10     | XOM: summons friendly white imp
 14383 | D:10     | Noticed a two-headed ogre
 14395 | D:10     | Killed a two-headed ogre
 14395 | D:10     | Reached skill level 5 in Long Blades
 14449 | D:10     | Noticed a two-headed ogre
 14457 | D:10     | Killed a two-headed ogre
 14477 | D:10     | XOM: give mutations
 14477 | D:10     | Gained mutation: You rapidly evolve. [Xom's grace]
 14477 | D:10     | Gained mutation: You passively map a small area around you.
                  | [Xom's grace]
 14487 | D:10     | Noticed a centaur warrior
 14488 | D:10     | Noticed a manticore
 14491 | D:10     | XOM: summons friendly white imp
 14542 | D:10     | XOM: confuse monster(s)
 14571 | D:10     | Reached XP level 11. HP: 18/68 MP: 15/15
 14707 | D:10     | Got a jewelled buckler
 14713 | D:10     | Identified the cursed +0 buckler of Esasank {+Inv rPois
                  | rF++ Int-4} (You found it on level 10 of the Dungeon)
 14781 | D:10     | XOM: polymorph manticore -> salamander
 14934 | D:9      | XOM: give mutations
 14934 | D:9      | Gained mutation: You are partially covered in large bone
                  | plates. (SH +4) [Xom's grace]
 14934 | D:9      | Gained mutation: You are covered in fur. (AC +1) [Xom's
                  | grace]
 14934 | D:9      | Gained mutation: Your mind is acute. (Int +2) [Xom's grace]
 14934 | D:9      | Gained mutation: Your muscles are strong. (Str +2) [Xom's
                  | grace]
 15008 | D:9      | XOM: fog
 15078 | D:9      | XOM: divination: detect creatures
 15127 | D:9      | XOM: 7-stop teleportation journey
 15134 | D:9      | XOM: cloud trail
 15211 | D:9      | Gained mutation: You are agile. (Dex +2) [evolution]
 15211 | D:9      | Lost mutation: You rapidly evolve. [decline of evolution]
 15265 | D:9      | XOM: potion effect (stabbing)
 15353 | D:9      | XOM: summons friendly crimson imp
 15456 | D:9      | Identified Figgut's Compendium of Assistive Clay (Xom
                  | gifted it to you on level 9 of the Dungeon)
 15456 | D:9      | XOM: god gift: Figgut's Compendium of Assistive Clay
 15581 | D:9      | Learned a level 3 spell: Spectral Weapon
 15879 | D:8      | XOM: give mutations
 15879 | D:8      | Lost mutation: You evolve. [Xom's grace]
 15879 | D:8      | Gained mutation: You are somewhat resistant to further
                  | mutation. [Xom's grace]
 15879 | D:8      | Gained mutation: Your flesh is almost immune to the effects
                  | of heat. (rF+++) [Xom's grace]
 15879 | D:8      | Gained mutation: You have large cloven feet. [Xom's grace]
 15992 | D:8      | XOM: summons 6 friendly demons
 15993 | D:8      | XOM: confuse monster(s)
 15994 | D:8      | XOM: summons 10 friendly demons
 16004 | D:8      | Killed a death yak
 16004 | D:8      | Reached skill level 1 in Spellcasting
 16004 | D:8      | Reached skill level 1 in Hexes
 16004 | D:8      | Reached skill level 1 in Charms
 16004 | D:8      | XOM: scenery: create altars
 16012 | D:8      | Killed a death yak
 16018 | D:8      | Killed a death yak
 16066 | D:8      | Reached skill level 5 in Evocations
 16103 | D:8      | XOM: god gift: scroll of enchant armour
 16167 | Lair:1   | Entered Level 1 of the Lair of Beasts
 16198 | Lair:1   | XOM: give mutations
 16198 | Lair:1   | Gained mutation: You possess an exceptional clarity of
                  | mind. [Xom's grace]
 16198 | Lair:1   | Gained mutation: Your muscles are very strong. (Str +4)
                  | [Xom's grace]
 16289 | Lair:1   | Noticed an oklob plant
 16351 | Lair:1   | XOM is BORED!
 16351 | Lair:1   | XOM: polymorph blink frog -> spiny frog
 16354 | Lair:1   | XOM: fog
 16363 | Lair:1   | XOM: 6-stop teleportation journey
 16486 | Lair:1   | XOM: summons 11 friendly demons
 16823 | Lair:1   | XOM: give mutations
 16823 | Lair:1   | Lost mutation: Your muscles are very strong. (Str +4)
                  | [Xom's mischief]
 16823 | Lair:1   | Lost mutation: You possess an exceptional clarity of mind.
                  | [Xom's mischief]
 16823 | Lair:1   | Lost mutation: You occasionally shout uncontrollably at
                  | your foes. [Xom's mischief]
 16928 | Lair:1   | Noticed an oklob plant
 16929 | Lair:1   | XOM: cast spell 'Summon Ice Beast'
 16962 | Lair:1   | XOM: divine lightning
 16967 | Lair:1   | XOM: torment (32/68 hp)
 16983 | Lair:1   | XOM: silly message
 17008 | Lair:1   | XOM: scenery: create altars
 17012 | Lair:1   | Killed an oklob plant
 17039 | Lair:1   | XOM: confusion (+ monsters)
 17042 | Lair:1   | an oklob plant changed into a wandering mushroom
 17042 | Lair:1   | XOM: polymorph oklob plant -> wandering mushroom
 17046 | Lair:1   | Identified Sif Muna's Catalogue of Lethal Poisoning
 17160 | D:9      | XOM: swap monsters
 17167 | D:9      | XOM: stat loss: -1 Str (9/11)
 17180 | D:9      | XOM: swap monsters
 17186 | D:9      | Killed an orange crystal statue
 17306 | D:8      | XOM: give mutations
 17306 | D:8      | Gained mutation: Your mind is very acute. (Int +4) [Xom's
                  | grace]
 17306 | D:8      | Gained mutation: You possess an exceptional clarity of
                  | mind. [Xom's grace]
 17397 | Lair:2   | XOM: torment (35/68 hp)
 17469 | Lair:2   | XOM: scenery: create altars
 17533 | Lair:2   | XOM: cleaving
 17537 | Lair:2   | XOM: divine lightning
 17548 | Lair:2   | XOM: fog
 17555 | Lair:2   | Reached XP level 12. HP: 61/73 MP: 13/18
 17580 | Lair:2   | XOM: 1-stop teleportation journey
 17580 | Lair:2   | Noticed a five-headed hydra
 17597 | Lair:2   | XOM: potion effect (invisibility)
 17601 | Lair:2   | XOM: fake destruction
 17602 | Lair:2   | Killed a five-headed hydra
 17795 | Lair:2   | Reached skill level 10 in Long Blades
 17855 | Lair:2   | Found a staircase to the Snake Pit.
 17901 | Lair:2   | XOM: potion effect (haste)
 17912 | Lair:2   | XOM: cast spell 'Call Canine Familiar'
 17916 | Lair:2   | XOM: summons friendly iron imp
 18001 | Lair:2   | XOM: smoke on damage
 18029 | Lair:2   | XOM: polymorph iron imp -> shadow imp
 18075 | Lair:2   | Noticed Gastronok
 18132 | Lair:2   | XOM: butterfly on damage
 18159 | Lair:2   | XOM: noise
 18249 | Lair:2   | XOM: potion effect (haste)
 18251 | Lair:2   | XOM: enchant monster (good)
 18256 | Lair:2   | XOM: confuse monster(s)
 18259 | Lair:2   | XOM: repel stairs
 18261 | Lair:2   | Killed Gastronok
 18261 | Lair:2   | Reached skill level 1 in Shields
 18558 | Lair:3   | XOM: destruction
 18565 | Lair:3   | XOM: summons friendly crimson imp
 18725 | Lair:3   | XOM: summons 2 hostile shadow creatures
 18797 | Lair:3   | XOM: summons 7 hostile demons
 18915 | Lair:3   | XOM: give mutation
 18915 | Lair:3   | Lost mutation: You possess an exceptional clarity of mind.
                  | [Xom's mischief]
 18941 | Lair:3   | XOM: scenery: create altars
 18997 | Lair:3   | Found a staircase to the Shoals.
 19152 | Lair:3   | XOM: cast spell 'Call Canine Familiar'
 19157 | Lair:3   | XOM: enchant monster (good)
 19159 | Lair:3   | XOM: divination: magic mapping
 19260 | Lair:3   | Got a glimmering falchion
 19365 | Lair:3   | XOM: enchant monster (good)
 19411 | Lair:3   | XOM: god gift: 45 gold pieces
 19562 | Lair:3   | XOM: scenery: create altars
 19588 | Lair:3   | XOM: summons 7 hostile demons
 19644 | Lair:3   | XOM: god gift: mace {god gift}
 19703 | Lair:3   | Identified the +0 falchion "Parghud" {drain, rN+ Int+3}
                  | (You found it on level 3 of the Lair of Beasts)
 19743 | Lair:3   | XOM: polymorph crocodile -> naga
 20263 | Lair:4   | XOM: god gift: scroll of teleportation
 20338 | Lair:4   | XOM: noise
 20378 | Lair:4   | XOM: 2-stop teleportation journey
 20566 | Lair:4   | Got a fine pewter ring
 20621 | Lair:4   | Identified the ring of Piopo {Slay+5 SInv} (You found it on
                  | level 4 of the Lair of Beasts)
 20664 | Lair:4   | XOM: 2-stop teleportation journey
 20997 | Lair:5   | Reached XP level 13. HP: 80/80 MP: 15/19
 21050 | Lair:5   | Got a coiled golden ring
 21067 | Lair:5   | Identified the ring "Wulaohes" {+Fly rF+ rN+ MR- Int+3}
                  | (You found it on level 5 of the Lair of Beasts)
 21086 | Lair:5   | XOM: 4-stop teleportation journey
 21150 | Lair:5   | XOM: smoke on damage
 21272 | Lair:5   | XOM: enchant monster (good)
 21287 | Lair:5   | XOM: polymorph blink frog -> basilisk
 21519 | Lair:5   | Found a staircase to the Slime Pits.
 21520 | Lair:5   | Found a viscous altar of Jiyva.
 21545 | Lair:5   | XOM: swap monsters
 21551 | Lair:5   | XOM: cast spell 'Summon Dragon'
 21666 | Lair:5   | XOM: give mutation
 21666 | Lair:5   | Lost mutation: Your muscles are strong. (Str +2) [Xom's
                  | mischief]
 21735 | Lair:6   | Entered Level 6 of the Lair of Beasts
 21751 | Lair:6   | XOM: noise
 21923 | Lair:6   | XOM: cleaving
 21940 | Lair:6   | XOM: swap monsters
 22034 | Lair:6   | XOM: silly message
 22037 | Lair:6   | XOM: smoke on damage
 22255 | Lair:6   | XOM: cast spell 'Summon Dragon'
 22308 | Lair:6   | Reached skill level 10 in Fighting
 22648 | Lair:6   | XOM: confusion (+ monsters)
 22665 | Lair:6   | XOM: stat loss: -1 Dex (21/22)
 22670 | Lair:6   | XOM: confusion (+ monsters)
 22676 | Lair:6   | XOM: noise
 22717 | Lair:6   | XOM: polymorph water moccasin -> hog
 22743 | Lair:6   | XOM: cleaving
 22882 | Lair:6   | XOM: give mutations
 22882 | Lair:6   | Lost mutation: Your mind is very acute. (Int +4) [Xom's
                  | mischief]
 22882 | Lair:6   | Lost mutation: You have large cloven feet. [Xom's mischief]
 22934 | Lair:6   | XOM: summons 5 friendly demons
 22949 | Lair:6   | Reached XP level 14. HP: 72/88 MP: 13/20
 23052 | Lair:6   | XOM: enchant monster (good)
 23104 | Lair:6   | Reached skill level 5 in Stealth
 23104 | Lair:6   | XOM: noise
 23132 | Lair:6   | XOM: confuse monster(s)
 23152 | Lair:6   | Got a warped pewter ring
 23154 | Lair:6   | Identified the ring "Sabluses" {rF+ Dex+4} (You found it on
                  | level 6 of the Lair of Beasts)
 23179 | Lair:6   | XOM: swap monsters
 23186 | Lair:6   | XOM: enchant monster (good)
 23328 | Lair:6   | XOM: cloud trail
 23533 | Lair:6   | XOM: silly message
 23859 | Lair:6   | Identified the Collected Works on Ignition and Enchantment
 23859 | Lair:6   | XOM: cloud trail
 23867 | Lair:6   | Got a faintly humming scale mail
 23892 | Lair:5   | Identified the cursed +0 scale mail of Visog {MR+} (You
                  | found it on level 6 of the Lair of Beasts)
 23918 | Lair:5   | Learned a level 3 spell: Confusing Touch
 24248 | D:10     | XOM: silly message
 24328 | D:10     | Noticed Trobe's ghost (novice MiFi)
 24329 | D:10     | Found a transporter.
 24329 | D:10     | Identified the +9 great mace of Inquiry {vorpal, rElec
                  | Str+3}
 24349 | D:10     | XOM: potion effect (haste)
 24515 | D:10     | XOM: potion effect (might)
 24520 | D:10     | XOM: potion effect (heal wounds)
 24524 | D:10     | XOM: potion effect (invisibility)
 24526 | D:10     | XOM: summons 4 friendly demons
 24531 | D:10     | Reached skill level 5 in Hexes
 24570 | D:10     | Found Pugh's Assorted Antiques.
 24729 | D:10     | Found a staircase to the Orcish Mines.
 24898 | Orc:1    | XOM: noise
 24898 | Orc:1    | Entered Level 1 of the Orcish Mines
 24909 | Orc:1    | XOM: divination: detect items
 24913 | Orc:1    | XOM: cast spell 'Leda's Liquefaction'
 24920 | Orc:1    | XOM: potion effect (stabbing)
 24929 | Orc:1    | XOM: enchant monster (good)
 25164 | Orc:2    | Entered Level 2 of the Orcish Mines
 25166 | Orc:2    | Found a staircase to the Elven Halls.
 25168 | Orc:2    | Noticed an orc warlord
 25182 | Orc:2    | XOM: potion effect (curing)
 25314 | Orc:2    | XOM: 1-stop teleportation journey
 25323 | Orc:2    | XOM: noise
 25341 | Orc:2    | XOM: destruction
 25345 | Orc:2    | an orc warlord changed into a glowing shapeshifter
 25345 | Orc:2    | XOM: polymorph orc warlord -> glowing shapeshifter
 25348 | Orc:2    | XOM: scenery: create altars
 25349 | Orc:2    | XOM: god gift: short glowing staff {god gift}
 25383 | Orc:2    | XOM: god gift: 17 stones
 25426 | Orc:2    | XOM: cleaving
 25472 | Orc:2    | XOM: cast spell 'Chain of Chaos'
 25608 | Orc:2    | XOM: scenery: create altars
 25693 | Orc:1    | Found Hirpha Epris's General Store.
 25699 | Orc:1    | XOM: 7-stop teleportation journey
 26021 | Orc:2    | XOM: enchant monster (good)
 26264 | Orc:2    | Noticed an orc warlord
 26294 | Orc:2    | XOM: scenery: create altars
 26303 | Orc:2    | XOM: divine lightning
 26308 | Orc:2    | Killed an orc warlord
 26440 | Orc:2    | Paralysed by an orc sorcerer for 2 turns
 26461 | Orc:2    | XOM: scenery: create altars
 26482 | Orc:2    | XOM: smoke on damage
 26652 | Orc:1    | XOM: god gift: 3 javelins
 26798 | Orc:2    | Found Qoekh's General Store.
 26799 | Orc:2    | Found Xeras's Jewellery Shop.
 26800 | Orc:2    | Found Orucer's Antique Armour Shop.
 26800 | Orc:2    | Found Maofre's Antique Weapon Boutique.
 26824 | Orc:2    | Bought a runed scarf for 264 gold pieces
 26925 | Orc:2    | XOM: divination: magic mapping
 27095 | Orc:1    | Bought a scroll of teleportation for 45 gold pieces
 27487 | D:11     | XOM is BORED!
 27499 | D:11     | XOM: confusion (+ monsters)
 27506 | D:11     | XOM: cast spell 'Summon Mana Viper'
 27657 | D:11     | Found a transporter.
 27661 | D:11     | Found a transporter.
 27664 | D:11     | Noticed Flakmanz's ghost (journeyman MiAr)
 27675 | D:11     | Found Yklaucuo's Jewellery Shop.
 27685 | D:11     | XOM: enchant monster (good)
 27843 | D:11     | XOM: god gift: scythe {god gift}
 28153 | D:11     | Killed Flakmanz's ghost
 28352 | D:12     | XOM: confusion
 28361 | D:12     | XOM: silly message
 28364 | D:12     | Reached XP level 15. HP: 91/94 MP: 17/21
 28401 | D:12     | Noticed Nergalle
 28407 | D:12     | XOM: 1-stop teleportation journey
 28451 | D:12     | Killed Nergalle
 28458 | D:12     | XOM: give mutation
 28458 | D:12     | Lost mutation: Your body sometimes deteriorates upon taking
                  | damage. [Xom's mischief]
 28546 | D:12     | XOM: give mutations
 28546 | D:12     | Lost mutation: You expend magic power (3 MP) to strengthen
                  | your wands. [Xom's mischief]
 28546 | D:12     | Lost mutation: Your mind is acute. (Int +2) [Xom's
                  | mischief]
 28566 | D:12     | XOM: give mutations
 28566 | D:12     | Lost mutation: Your movements are slightly less encumbered
                  | by armour. (ER -2) [Xom's mischief]
 28566 | D:12     | Lost mutation: You are agile. (Dex +2) [Xom's mischief]
 28566 | D:12     | Lost mutation: You are partially covered in large bone
                  | plates. (SH +4) [Xom's mischief]
 28826 | D:12     | Noticed Nessos
 28833 | D:12     | Killed Nessos
 28950 | D:12     | Noticed Jorgrun
 29019 | D:12     | XOM: summons 3 hostile shadow creatures
 29202 | D:13     | XOM: chaos cloud
 29293 | D:13     | XOM: stat loss: -1 Int (15/16)
 29414 | D:13     | XOM: confusion (+ monsters)
 29484 | D:13     | XOM: divination: magic mapping
 29560 | D:13     | Found Irphavusu's General Store.
 29781 | D:13     | XOM: smoke on damage
 29783 | D:13     | XOM: cast spell 'Ring of Flames'
 30049 | D:14     | XOM: noise
 30064 | D:14     | XOM: summons friendly crimson imp
 30068 | D:14     | XOM: potion effect (haste)
 30072 | D:14     | XOM: polymorph hippogriff -> jumping spider
 30075 | D:14     | XOM: summons 4 friendly demons
 30083 | D:14     | XOM: polymorph ufetubus -> shadow imp
 30093 | D:14     | XOM: cast spell 'Dispersal'
 30152 | D:13     | XOM: divination: magic mapping
 30240 | D:14     | XOM: potion effect (haste)
 30325 | D:14     | You fall into a shaft and drop 1 floor!
 30325 | D:15     | Entered Level 15 of the Dungeon
 30336 | D:15     | XOM: potion effect (invisibility)
 30367 | D:15     | Found a staircase to the Depths.
 30367 | D:15     | Noticed a fire giant
 30399 | D:15     | XOM: enchant monster (good)
 30406 | D:15     | Killed a fire giant
 30422 | D:15     | XOM: scenery: create altars
 30432 | D:15     | XOM: enchant monster (good)
 30434 | D:15     | XOM: confuse monster(s)
 30502 | D:15     | Found a large runed translucent door.
 30514 | D:15     | XOM: noise
 30540 | D:15     | Found a large runed translucent door.
 30582 | D:15     | XOM: cast spell 'Cause Fear'
 30645 | D:15     | Found a glowing silver altar of Zin.
 30674 | D:15     | Found an iron altar of Okawaru.
 30699 | D:15     | XOM: god gift: 7 curare-tipped darts
 30759 | D:15     | Noticed Rupert
 30871 | D:15     | XOM: summons friendly quasit
 30872 | D:15     | XOM: enchant monster (good)
 30945 | D:15     | XOM: give mutations
 30945 | D:15     | Gained mutation: You are frail. (-10% HP) [Xom's mischief]
 30945 | D:15     | Gained mutation: Armour fits poorly on your strangely
                  | shaped body. [Xom's mischief]
 30966 | D:15     | XOM: noise
 30985 | D:15     | XOM: polymorph quasit -> white imp
 30990 | D:15     | XOM: cast spell 'Monstrous Menagerie'
 31002 | D:15     | XOM: 5-stop teleportation journey
 31136 | D:15     | XOM: give mutations
 31136 | D:15     | Gained mutation: You have a pair of small horns on your
                  | head. [Xom's grace]
 31136 | D:15     | Gained mutation: You have sharp fingernails. [Xom's grace]
 31136 | D:15     | Gained mutation: You are covered in thick fur. (AC +2)
                  | [Xom's grace]
 31189 | D:15     | XOM: divine lightning
 31242 | D:15     | Noticed Kirke
 31248 | D:15     | XOM: confuse monster(s)
 31445 | D:15     | XOM: summons 2 friendly demons
 31448 | D:15     | Killed Kirke
 31738 | D:15     | XOM is BORED!
 31738 | D:15     | XOM: summons 3 hostile shadow creatures
 31886 | D:14     | XOM: confuse monster(s)
 31983 | D:14     | XOM: cleaving
 31985 | D:14     | XOM: 1-stop teleportation journey
 32218 | D:14     | XOM: smoke on damage
 32513 | D:14     | XOM: scenery: 3 doors open
 32560 | D:14     | XOM: polymorph human -> hog
 32572 | D:14     | XOM: polymorph vault guard -> vault guard
 32576 | D:14     | XOM: summons 8 friendly demons
 32648 | D:14     | XOM: confuse monster(s)
 32652 | D:14     | XOM: confuse monster(s)
 32692 | D:14     | Found a gate to the Vaults.
 32921 | D:10     | Bought a masterwork scale mail for 234 gold pieces
 32921 | D:10     | Identified the cursed +1 scale mail "Qihu" {rN++} (You
                  | bought it in a shop on level 10 of the Dungeon)
 33019 | Lair:2   | XOM: give mutations
 33019 | Lair:2   | Lost mutation: Your flesh is almost immune to the effects
                  | of heat. (rF+++) [Xom's mischief]
 33019 | Lair:2   | Gained mutation: You are very frail. (-20% HP) [Xom's
                  | mischief]
 33019 | Lair:2   | Lost mutation: You have a pair of small horns on your head.
                  | [Xom's mischief]
 33019 | Lair:2   | Lost mutation: Your flesh is very heat resistant. (rF++)
                  | [Xom's mischief]
 33023 | Snake:1  | Entered Level 1 of the Snake Pit
 33034 | Snake:1  | XOM: chaos upgrade
 33071 | Snake:1  | XOM: fake destruction
 33127 | Snake:1  | XOM: 3-stop teleportation journey
 33183 | Snake:1  | XOM: give mutations
 33183 | Snake:1  | Gained mutation: Your natural rate of healing is unusually
                  | fast. [Xom's grace]
 33183 | Snake:1  | Lost mutation: You are very frail. (-20% HP) [Xom's grace]
 33183 | Snake:1  | Gained mutation: Your muscles are strong. (Str +2) [Xom's
                  | grace]
 33183 | Snake:1  | Gained mutation: You have large cloven feet. [Xom's grace]
 33196 | Snake:1  | XOM: destruction
 33258 | Snake:1  | XOM: smoke on damage
 33326 | Snake:1  | Found Putt's Jewellery Shop.
 33339 | Snake:1  | XOM: cast spell 'Cause Fear'
 33346 | Snake:1  | Reached XP level 16. HP: 69/93 MP: 19/24
 33534 | Snake:1  | XOM: scenery: create altars
 33663 | Snake:1  | XOM: enchant monster (bad)
 33964 | Snake:1  | XOM: god gift: flail {god gift}
 34112 | Snake:1  | XOM: polymorph naga sharpshooter -> faun
 34115 | Snake:1  | XOM: potion effect (stabbing)
 34176 | Snake:1  | Found Veicy's Food Emporium.
 34297 | Snake:1  | XOM: silly message
 34484 | Snake:2  | XOM: potion effect (invisibility)
 34527 | Snake:1  | XOM: confuse monster(s)
 34634 | Snake:2  | XOM: noise
 34860 | Snake:2  | XOM: confuse monster(s)
 34942 | Snake:2  | Reached skill level 10 in Hexes
 34966 | Snake:2  | XOM: silly message
 35008 | Snake:2  | XOM: scenery: create altars
 35025 | Snake:2  | XOM: noise
 35347 | Snake:2  | Found an ancient bone altar of Kikubaaqudgha.
 35396 | Snake:2  | Found Pelud's Jewellery Shop.
 35397 | Snake:2  | Found Ulyovvorha's Gadget Emporium.
 35398 | Snake:2  | Found Bupuof's Jewellery Shop.
 35598 | Snake:2  | XOM: silly message
 35757 | Snake:3  | Noticed Bai Suzhen
 35805 | Snake:3  | XOM: cast spell 'Death Channel'
 35810 | Snake:3  | XOM: snakes to sticks
 35815 | Snake:3  | XOM: fake destruction
 35823 | Snake:3  | XOM: confuse monster(s)
 35942 | Snake:3  | XOM: noise
 35984 | Snake:2  | XOM: confuse monster(s)
 35995 | Snake:2  | XOM: confuse monster(s)
 35996 | Snake:2  | XOM: cast spell 'Shadow Creatures'
 36024 | Snake:2  | Killed Bai Suzhen
 36127 | Snake:3  | XOM: cast spell 'Summon Dragon'
 36215 | Snake:3  | Reached skill level 15 in Dodging
 36224 | Snake:3  | XOM: polymorph mana viper -> fire crab
 36344 | Snake:3  | XOM: blink monster(s)
 36365 | Snake:3  | XOM: confusion
 36462 | Snake:3  | XOM: fog
 36491 | Snake:3  | XOM: destruction
 36765 | Snake:3  | XOM: scenery: create altars
 36796 | Snake:4  | Entered Level 4 of the Snake Pit
 36812 | Snake:3  | XOM: smoke on damage
 36996 | Snake:3  | XOM: god gift: halberd {god gift}
 37054 | Snake:4  | XOM: divination: detect creatures
 37366 | Snake:4  | XOM: cast spell 'Metabolic Englaciation'
 37367 | Snake:4  | XOM: snakes to sticks
 37685 | Snake:4  | XOM: divine lightning
 37737 | Snake:4  | XOM: confuse monster(s)
 37875 | Snake:4  | XOM: polymorph naga warrior -> shapeshifter
 37884 | Snake:4  | XOM: scenery: create altars
 37935 | Snake:4  | XOM: enchant monster (bad)
 37956 | Snake:4  | XOM: cast spell 'Chain of Chaos'
 37960 | Snake:4  | XOM: 3-stop teleportation journey
 38116 | Snake:4  | XOM: 1-stop teleportation journey
 38137 | Snake:3  | XOM: noise
 38289 | Snake:4  | XOM: swap monsters
 38343 | Snake:4  | XOM: chaos cloud
 38348 | Snake:4  | XOM: cast spell 'Summon Horrible Things'
 38354 | Snake:4  | Reached skill level 5 in Charms
 38354 | Snake:4  | Reached XP level 17. HP: 80/99 MP: 23/26
 38389 | Snake:4  | Reached skill level 5 in Spellcasting
 38534 | Snake:4  | XOM: god gift: wand of random effects (11)
 38668 | Snake:4  | XOM: confuse monster(s)
 38669 | Snake:4  | XOM: summons 10 friendly demons
 38717 | Snake:4  | XOM: potion effect (curing)
 38751 | Snake:4  | XOM: summons friendly quasit
 38868 | Snake:4  | XOM: enchant monster (good)
 38925 | Snake:4  | XOM: 2-stop teleportation journey
 38992 | Snake:4  | XOM: cleaving
 38997 | Snake:4  | XOM: chaos upgrade
 39086 | Snake:4  | XOM: enchant monster (good)
 39135 | Snake:4  | XOM: cloud trail
 39161 | Snake:4  | XOM: scenery: 1 doors close
 39164 | Snake:4  | XOM: enchant monster (good)
 39233 | Snake:3  | Lost mutation: You are surrounded by a mild repulsion
                  | field. (EV +2) [a shining eye]
 39417 | Snake:4  | XOM: confuse monster(s)
 39513 | Snake:4  | XOM: confuse monster(s)
 39647 | Snake:4  | XOM: god gift: 28 gold pieces
 39763 | Snake:4  | XOM: scenery: create altars
 39812 | Snake:4  | XOM: god gift: 4 atropa-tipped darts
 39851 | Snake:4  | XOM: cleaving
 39912 | Snake:4  | XOM: enchant monster (good)
 39914 | Snake:4  | XOM: divine lightning
 39919 | Snake:4  | XOM: divination: detect creatures
 39981 | Snake:4  | XOM: confusion
 39996 | Snake:4  | XOM: blink monster(s)
 40008 | Snake:4  | XOM: divination: detect creatures
 40014 | Snake:4  | XOM: summons friendly ufetubus
 40016 | Snake:4  | XOM: scenery: create altars
 40028 | Snake:4  | XOM: confusion
 40029 | Snake:4  | XOM: confusion
 40163 | Snake:4  | XOM: stat loss: -1 Int (16/17)
 40231 | Snake:4  | XOM: god gift: potion of heal wounds
 40349 | Snake:4  | Got a serpentine rune of Zot
 40568 | Shoals:1 | Entered Level 1 of the Shoals
 40579 | Shoals:1 | XOM: potion effect (heal wounds)
 40583 | Shoals:1 | XOM: potion effect (invisibility)
 40587 | Shoals:1 | Found a hide-covered altar of Uskayaw.
 40598 | Shoals:1 | XOM: smoke on damage
 40600 | Shoals:1 | XOM: confuse monster(s)
 40699 | Lair:3   | Lost mutation: Your muscles are strong. (Str +2) [mutagenic
                  | glow]
 40782 | Lair:3   | XOM: god gift: ration
 41009 | Shoals:1 | XOM: silly message
 41013 | Shoals:1 | XOM: summons 12 friendly demons
 41095 | Shoals:1 | XOM: noise
 41286 | Shoals:1 | XOM: chaos upgrade
 41291 | Shoals:1 | XOM: butterfly on damage
 41331 | Shoals:1 | wtf
 41417 | Shoals:1 | XOM: give mutations
 41417 | Shoals:1 | Lost mutation: You have large cloven feet. [Xom's mischief]
 41417 | Shoals:1 | Lost mutation: Your natural rate of healing is unusually
                  | fast. [Xom's mischief]
 41417 | Shoals:1 | Gained mutation: You possess an exceptional clarity of
                  | mind. [Xom's mischief]
 41417 | Shoals:1 | Lost mutation: You are somewhat resistant to further
                  | mutation. [Xom's mischief]
 41424 | Shoals:1 | Got a slimy bronze ring
 41426 | Shoals:1 | Identified the ring "Ataamei" {rPois rC+ Str+2 Dex+2} (You
                  | found it on level 1 of the Shoals)
 41612 | Shoals:1 | XOM: fog
 41731 | Shoals:1 | XOM: summons friendly quasit
 41734 | Shoals:1 | XOM: enchant monster (bad)
 41819 | Shoals:1 | XOM: butterfly on damage
 41819 | Shoals:1 | XOM: butterfly on damage
 42136 | Shoals:1 | XOM: silly message
 42182 | Shoals:2 | XOM: noise
 42193 | Shoals:2 | XOM: divination: detect items
 42246 | Shoals:1 | XOM: silly message
 42252 | Shoals:2 | XOM: cast spell 'Olgreb's Toxic Radiance'
 42304 | Shoals:1 | XOM: fog
 42429 | Shoals:2 | XOM: 4-stop teleportation journey
 42458 | Shoals:2 | XOM: fog
 42521 | Shoals:2 | XOM: summons friendly crimson imp
 42534 | Shoals:2 | XOM: summons 5 friendly demons
 42608 | Shoals:1 | XOM: fog
 42647 | Shoals:1 | XOM: cloud trail
 42650 | Shoals:1 | Gained mutation: You are very frail. (-20% HP) [mutagenic
                  | glow]
 42999 | Shoals:1 | Lost mutation: Armour fits poorly on your strangely shaped
                  | body. [potion of mutation]
 42999 | Shoals:1 | Lost mutation: Your flesh is heat resistant. (rF+) [potion
                  | of mutation]
 42999 | Shoals:1 | Lost mutation: You have sharp fingernails. [potion of
                  | mutation]
 42999 | Shoals:1 | Lost mutation: You are very frail. (-20% HP) [potion of
                  | mutation]
 42999 | Shoals:1 | Gained mutation: You are agile. (Dex +2) [potion of
                  | mutation]
 43075 | Shoals:2 | XOM: smoke on damage
 43196 | Shoals:2 | XOM: silly message
 43208 | Shoals:2 | Reached skill level 10 in Armour
 43409 | Shoals:2 | XOM: summons friendly crimson imp
 43426 | Shoals:2 | XOM: enchant monster (good)
 43461 | Shoals:2 | XOM: scenery: create altars
 43521 | Shoals:2 | XOM: potion effect (haste)
 43532 | Shoals:2 | Noticed a kraken
 43566 | Shoals:2 | XOM: blink monster(s)
 43743 | Shoals:2 | XOM: enchant monster (good)
 43826 | Shoals:2 | XOM: polymorph wind drake -> cyclops
 43911 | Shoals:2 | XOM: swap monsters
 44089 | Shoals:3 | XOM: summons friendly ufetubus
 44105 | Shoals:3 | XOM: 3-stop teleportation journey
 44156 | Shoals:3 | XOM: noise
 44252 | Shoals:3 | XOM: confuse monster(s)
 44289 | Shoals:3 | Found Vineen's General Store.
 44289 | Shoals:3 | XOM: cast spell 'Olgreb's Toxic Radiance'
 44353 | Shoals:3 | Bought a scroll of enchant armour for 127 gold pieces
 44459 | Shoals:3 | XOM: 4-stop teleportation journey
 44598 | Shoals:3 | XOM: confuse monster(s)
 44730 | Shoals:3 | XOM: torment (49/99 hp)
 44741 | Shoals:3 | XOM: scenery: create altars
 44742 | Shoals:3 | XOM: give mutation
 44742 | Shoals:3 | Lost mutation: You passively map a small area around you.
                  | [Xom's mischief]
 45115 | Shoals:4 | Entered Level 4 of the Shoals
 45134 | Shoals:4 | Reached XP level 18. HP: 95/104 MP: 24/27
 45230 | Shoals:4 | XOM: 1-stop teleportation journey
 45251 | Shoals:3 | XOM: 1-stop teleportation journey
 45370 | Shoals:4 | XOM: noise
 45384 | Shoals:4 | XOM: noise
 45409 | Shoals:4 | XOM: divination: magic mapping
 45504 | Shoals:4 | XOM: noise
 45516 | Shoals:4 | XOM: noise
 45608 | Shoals:4 | XOM: noise
 45610 | Shoals:4 | XOM: polymorph merfolk javelineer -> eight-headed hydra
 45882 | Shoals:4 | XOM: silly message
 45894 | Shoals:4 | XOM: divine lightning
 45924 | Shoals:4 | XOM: snakes to sticks
 46042 | Shoals:4 | XOM: destruction
 46054 | Shoals:3 | XOM: divination: magic mapping
 46255 | Shoals:4 | Got a fading glaive
 46275 | Shoals:4 | XOM: confuse monster(s)
 46501 | Shoals:4 | XOM: confuse monster(s)
 46528 | Shoals:4 | XOM: potion effect (berserk rage)
 46657 | Shoals:4 | Found the cursed +13 scythe of Curses {drain, *Curse}
 46666 | Shoals:4 | XOM: divination: detect items
 46768 | Shoals:4 | Reached skill level 15 in Fighting
 46813 | Shoals:4 | Noticed Louise
 46941 | Shoals:3 | XOM: 8-stop teleportation journey
 46979 | Shoals:4 | XOM is BORED!
 46979 | Shoals:4 | XOM: 4-stop teleportation journey
 47028 | Shoals:4 | Killed Louise
 47052 | Shoals:4 | XOM: chaos upgrade
 47062 | Shoals:4 | XOM: 1-stop teleportation journey
 47066 | Shoals:4 | XOM: summons 1 hostile demon
 47116 | Shoals:4 | XOM: butterfly on damage
 47276 | Shoals:4 | XOM: polymorph merfolk javelineer -> minotaur
 47295 | Shoals:4 | XOM: butterfly on damage
 47320 | Shoals:3 | XOM: give mutations
 47320 | Shoals:3 | Lost mutation: You are frail. (-10% HP) [Xom's mischief]
 47320 | Shoals:3 | Gained mutation: You are dopey. (Int -2) [Xom's mischief]
 47320 | Shoals:3 | Lost mutation: You possess an exceptional clarity of mind.
                  | [Xom's mischief]
 47320 | Shoals:3 | Gained mutation: You are very dopey. (Int -4) [Xom's
                  | mischief]
 47839 | Shoals:4 | Got a barnacled rune of Zot
 47864 | Shoals:4 | XOM: chaos cloud
 47888 | Shoals:4 | XOM: give mutations
 47888 | Shoals:4 | Gained mutation: You occasionally shout uncontrollably at
                  | your foes. [Xom's mischief]
 47888 | Shoals:4 | Gained mutation: You are resistant to hostile enchantments.
                  | (MR+) [Xom's mischief]
 47974 | Shoals:4 | XOM: 1-stop teleportation journey
 48105 | Shoals:4 | XOM: swap monsters
 48160 | Shoals:4 | XOM: butterfly on damage
 48245 | Shoals:4 | XOM: silly message
 48294 | Shoals:4 | XOM: 3-stop teleportation journey
 48365 | Shoals:4 | XOM: summons 2 hostile shadow creatures
 48393 | Shoals:4 | XOM: enchant monster (bad)
 48962 | D:14     | XOM: polymorph worker ant -> bullfrog
 49012 | Vaults:1 | Entered Level 1 of the Vaults
 49018 | Vaults:1 | XOM: chaos upgrade
 49026 | D:14     | XOM: enchant monster (bad)
 49269 | Vaults:1 | XOM: destruction
 49272 | Vaults:1 | XOM: noise
 49326 | Vaults:1 | Found a flickering gateway to a bazaar.
 49339 | Bazaar   | Entered a bazaar
 49344 | Bazaar   | Found Hoxahib's Jewellery Boutique.
 49362 | Bazaar   | Found Ypuagh's Food Emporium.
 49379 | Bazaar   | Found Enodeo's General Store.
 49396 | Bazaar   | Found Qoekh's Antique Armour Shoppe.
 49433 | Bazaar   | Bought a potion of haste for 130 gold pieces
 49433 | Bazaar   | Bought a potion of resistance for 130 gold pieces
 49570 | Vaults:1 | XOM: swap monsters
 49688 | Vaults:1 | XOM: enchant monster (bad)
 49839 | D:10     | XOM: give mutation
 49839 | D:10     | Gained mutation: You are weak. (Str -2) [Xom's mischief]
 49943 | Elf:1    | Entered Level 1 of the Elven Halls
 49960 | Elf:1    | Found a radiant altar of Vehumet.
 49972 | Elf:1    | XOM: polymorph deep elf mage -> deep troll
 50031 | Elf:1    | XOM: enchant monster (bad)
 50109 | Elf:1    | XOM is BORED!
 50109 | Elf:1    | XOM: torment (61/120 hp)
 50228 | Elf:1    | XOM: confusion
 50325 | Elf:1    | XOM: 7-stop teleportation journey
 50333 | Elf:1    | XOM: enchant monster (good)
 50407 | Elf:1    | Found Ibohisux's Weapon Shoppe.
 50435 | Elf:1    | Reached skill level 10 in Evocations
 50511 | Elf:1    | XOM: enchant monster (good)
 50638 | Elf:1    | XOM: polymorph deep elf knight -> swamp worm
 50679 | Elf:1    | XOM: cast spell 'Shadow Creatures'
 50764 | Elf:1    | XOM: god gift: 3 silver boomerangs
 50823 | Elf:1    | Reached skill level 10 in Stealth
 51243 | Elf:1    | Reached XP level 19. HP: 125/125 MP: 7/28
 51554 | Elf:1    | XOM: enchant monster (bad)
 51673 | Elf:2    | XOM: enchant monster (good)
 51867 | Elf:1    | XOM: give mutations
 51867 | Elf:1    | Gained mutation: You sometimes yell uncontrollably at your
                  | foes. [Xom's mischief]
 51867 | Elf:1    | Gained mutation: Your flesh is cold resistant. (rC+) [Xom's
                  | mischief]
 51867 | Elf:1    | Lost mutation: You are very dopey. (Int -4) [Xom's
                  | mischief]
 51867 | Elf:1    | Gained mutation: You are frail. (-10% HP) [Xom's mischief]
 52057 | Elf:2    | XOM: divination: magic mapping
 52245 | Elf:2    | Found a runed translucent gate.
 52276 | Elf:2    | Found a runed translucent gate.
 52277 | Elf:2    | Found a runed translucent gate.
 52526 | Elf:2    | Gained mutation: Your magical capacity is low. (-10% MP)
                  | [mutagenic glow]
 52789 | Elf:2    | XOM: cloud trail
 52921 | Elf:2    | XOM: give mutations
 52921 | Elf:2    | Gained mutation: You have sharp toenails. [Xom's grace]
 52921 | Elf:2    | Lost mutation: You are weak. (Str -2) [Xom's grace]
 52921 | Elf:2    | Gained mutation: You are resistant to electric shocks.
                  | (rElec) [Xom's grace]
 53079 | Elf:3    | Entered Level 3 of the Elven Halls
 53285 | Elf:2    | XOM: scenery: 1 doors open, 2 doors close
 53860 | Elf:3    | XOM: divine lightning
 53984 | Elf:3    | XOM: blink monster(s)
 53989 | Elf:3    | XOM: summons friendly quasit
 54001 | Elf:3    | XOM: enchant monster (bad)
 54015 | Elf:3    | XOM: enchant monster (bad)
 54021 | Elf:3    | XOM: summons friendly crimson imp
 54109 | Elf:3    | XOM: enchant monster (bad)
 54125 | Elf:3    | XOM: enchant monster (bad)
 54313 | Elf:1    | XOM: noise
 54494 | Elf:3    | XOM: divination: detect items
 54496 | Elf:3    | XOM: give mutations
 54496 | Elf:3    | Gained mutation: You are partially covered in large bone
                  | plates. (SH +4) [Xom's grace]
 54496 | Elf:3    | Gained mutation: You are very agile. (Dex +4) [Xom's grace]
 54499 | Elf:3    | XOM: scenery: create altars
 54807 | Elf:3    | XOM: god gift: potion of heal wounds
 54859 | Elf:3    | Identified the +12 rapier "Transmigrator" {flame, *Drain
                  | rPois rN+++ Dex-2}
 54888 | Elf:3    | Noticed a Tzitzimitl
 55138 | Elf:3    | XOM: enchant monster (bad)
 55143 | Elf:3    | XOM: confuse monster(s)
 55146 | Elf:3    | XOM: noise
 55152 | Elf:3    | XOM: divination: detect creatures
 55210 | Elf:3    | Identified the cursed +1 flail "Peufeoph" {speed, rF+ rC+}
 55212 | Elf:3    | Identified the +2 leather armour of Fuaheng {Int+6}
 55223 | Elf:3    | XOM: enchant monster (bad)
 55377 | Elf:3    | XOM: give mutations
 55377 | Elf:3    | Lost mutation: You are covered in thick fur. (AC +2) [Xom's
                  | mischief]
 55377 | Elf:3    | Gained mutation: You are weak. (Str -2) [Xom's mischief]
 55440 | Elf:3    | XOM: confuse monster(s)
 55443 | Elf:3    | XOM: stat loss: -1 Dex (18/19)
 55459 | Elf:3    | XOM: enchant monster (good)
 55481 | Elf:3    | XOM: god gift: 46 gold pieces
 55561 | Elf:3    | Identified the +3 falchion "Leosm" {flame, +Rage MR- Int+5
                  | SInv}
 55563 | Elf:3    | XOM: fake destruction
 55682 | Elf:3    | XOM: potion effect (haste)
 55771 | Elf:3    | Reached skill level 5 in Short Blades
 55811 | Elf:3    | Found the +7 pair of quick blades "Gyre" and "Gimble"
                  | {protect}
 55849 | Elf:3    | Identified a +0 pair of boots of running (You found it on
                  | level 3 of the Elven Halls)
 55862 | Elf:3    | Got an ancient great sword
 55871 | Elf:3    | Got a masterwork whip
 55878 | Elf:3    | Identified the +4 great sword of Demonic Responsibility
                  | {vamp, MR+ Dex+5} (You found it on level 3 of the Elven
                  | Halls)
 55905 | Elf:3    | XOM: silly message
 55968 | Elf:3    | XOM: cast spell 'Chain of Chaos'
 55986 | Elf:3    | XOM: confuse monster(s)
 55989 | Elf:3    | XOM: potion effect (might)
 55993 | Elf:3    | XOM: scenery: create altars
 56100 | Elf:3    | XOM: give mutations
 56100 | Elf:3    | Gained mutation: You evolve. [Xom's grace]
 56100 | Elf:3    | Gained mutation: You are surrounded by a mild repulsion
                  | field. (EV +2) [Xom's grace]
 56100 | Elf:3    | Gained mutation: You have a somewhat thin skeletal
                  | structure. (Dex +2, Stealth) [Xom's grace]
 56169 | Elf:3    | Found Yvisi's Assorted Antiques.
 56202 | Elf:3    | XOM: give mutations
 56202 | Elf:3    | Gained mutation: You possess an exceptional clarity of
                  | mind. [Xom's grace]
 56202 | Elf:3    | Lost mutation: You are frail. (-10% HP) [Xom's grace]
 56202 | Elf:3    | Lost mutation: You have a beak for a mouth. [Xom's grace]
 56202 | Elf:3    | Gained mutation: You have very sharp teeth. [Xom's grace]
 56202 | Elf:3    | Gained mutation: You have a pair of small antennae on your
                  | head. [Xom's grace]
 56255 | Elf:3    | Learned a level 6 spell: Invisibility
 56582 | Vaults:1 | XOM: summons 3 hostile shadow creatures
 56695 | Vaults:1 | XOM: give mutations
 56695 | Vaults:1 | Lost mutation: You possess an exceptional clarity of mind.
                  | [Xom's mischief]
 56695 | Vaults:1 | Lost mutation: You are weak. (Str -2) [Xom's mischief]
 56695 | Vaults:1 | Lost mutation: You are covered in fur. (AC +1) [Xom's
                  | mischief]
 56695 | Vaults:1 | Lost mutation: You are surrounded by a mild repulsion
                  | field. (EV +2) [Xom's mischief]
 56713 | Vaults:1 | XOM: give mutation
 56713 | Vaults:1 | Lost mutation: You sometimes yell uncontrollably at your
                  | foes. [Xom's mischief]
 56731 | Vaults:1 | Learned a level 6 spell: Darkness
 56742 | Vaults:1 | XOM: polymorph ironheart preserver -> quicksilver dragon
 56765 | Vaults:1 | XOM: enchant monster (bad)
 57004 | Vaults:1 | XOM: noise
 57051 | Vaults:1 | XOM: fake destruction
 57115 | Vaults:1 | Noticed Agnes
 57130 | Vaults:1 | XOM: scenery: 2 doors close
 57291 | Vaults:1 | XOM: 1-stop teleportation journey
 57347 | Vaults:1 | XOM: confuse monster(s)
 57375 | Vaults:1 | XOM: 1-stop teleportation journey
 57378 | Vaults:1 | XOM: enchant monster (good)
 57397 | Vaults:1 | Reached XP level 20. HP: 88/134 MP: 27/27
 57468 | Vaults:1 | Killed Agnes
 57559 | Vaults:1 | Noticed Sojobo
 57573 | Vaults:1 | XOM: potion effect (curing)
 57589 | Vaults:1 | XOM: cast spell 'Summon Mana Viper'
 57595 | Vaults:1 | XOM: summons 5 friendly demons
 57602 | Vaults:1 | Killed Sojobo
 57974 | Vaults:1 | XOM: divination: detect items
 58068 | Vaults:1 | XOM: potion effect (brilliance)
 58075 | Vaults:1 | XOM: enchant monster (bad)
 58170 | Vaults:1 | XOM: noise
 58186 | Vaults:1 | XOM: polymorph deep elf knight -> ettin
 58308 | Vaults:1 | XOM: blink monster(s)
 59501 | Vaults:2 | XOM: cast spell 'Ring of Flames'
 59518 | Vaults:2 | Identified the +5 dagger "Kiesi" {flame, *Noise rC+ Str-3
                  | Int+9} (You found it on level 2 of the Vaults)
 59541 | Vaults:2 | Found a staircase to the Crypt.
 59541 | Vaults:2 | XOM: 7-stop teleportation journey
 59639 | Vaults:2 | Gained mutation: You are partially covered in rugged brown
                  | scales. (AC +1, +3% HP) [evolution]
 59680 | Vaults:2 | Learned a level 9 spell: Absolute Zero
 59850 | Vaults:2 | XOM: god gift: pair of gloves {god gift}
 59869 | Vaults:2 | XOM: give mutations
 59869 | Vaults:2 | Lost mutation: You are partially covered in rugged brown
                  | scales. (AC +1, +3% HP) [Xom's mischief]
 59869 | Vaults:2 | Lost mutation: You have sharp toenails. [Xom's mischief]
 59869 | Vaults:2 | Lost mutation: You have a somewhat thin skeletal structure.
                  | (Dex +2, Stealth) [Xom's mischief]
 60020 | Vaults:2 | XOM: divination: detect creatures
 60126 | Vaults:2 | Reached skill level 1 in Ice Magic
 60154 | Vaults:2 | XOM: god gift: 57 gold pieces
 60196 | Vaults:2 | XOM: summons friendly iron imp
 60287 | Vaults:2 | XOM: summons 1 hostile demon
 60378 | Vaults:2 | XOM: give mutation
 60378 | Vaults:2 | Gained mutation: Your spells are a little harder to cast,
                  | but a little more powerful. [Xom's grace]
 60420 | Vaults:3 | XOM: summons 14 friendly demons
 60459 | Vaults:3 | Reached skill level 2 in Ice Magic
 60791 | Vaults:3 | Found a ruined gateway.
 60800 | Desolati | Entered the Desolation of Salt
 60825 | Desolati | XOM: potion effect (curing)
 60898 | Desolati | XOM: give mutations
 60898 | Desolati | Lost mutation: You are dopey. (Int -2) [Xom's mischief]
 60898 | Desolati | Lost mutation: You occasionally shout uncontrollably at
                  | your foes. [Xom's mischief]
 60907 | Desolati | XOM: cast spell 'Monstrous Menagerie'
 60967 | Desolati | Identified the amulet "Kavel" {Inacc rPois rN+ Str-4} (You
                  | found it in the Desolation of Salt)
 60973 | Desolati | Identified the Guide on Poisonous Conjuration
 60975 | Desolati | XOM: 1-stop teleportation journey
 61007 | Desolati | XOM: confusion
 61099 | Desolati | Reached skill level 3 in Ice Magic
 61197 | Desolati | XOM: scenery: create altars
 61251 | Desolati | XOM: summons 11 friendly demons
 61252 | Desolati | XOM: polymorph ufetubus -> shadow imp
 61253 | Desolati | XOM: divine lightning
 61359 | Desolati | Identified the +1 fustibalus "Kiops" {vorpal, Int+4} (You
                  | found it in the Desolation of Salt)
 61522 | Desolati | Identified the ring of the Mackerel {+Fly rC+ rCorr Str-4
                  | Stlth+} (You found it in the Desolation of Salt)
 61525 | Desolati | Got steaming storm dragon scales
 61526 | Desolati | Identified the cursed +1 storm dragon scales of Fedhas's
                  | Grace {Harm rElec rF+++ Dex-4} (You found it in the
                  | Desolation of Salt)
 61529 | Desolati | Got a glimmering scale mail
 61530 | Desolati | Identified the +8 scale mail of Youthful Indiscretion
                  | {Str+2} (You found it in the Desolation of Salt)
 61535 | Desolati | XOM: destruction
 61542 | Desolati | Reached skill level 4 in Ice Magic
 61560 | Desolati | Identified the +12 falchion "Worm's Wrath" {drain, +Blink
                  | rC- Dex+4 SInv Stlth+}
 61565 | Desolati | XOM: divine lightning
 61577 | Desolati | XOM: god gift: quarterstaff {god gift}
 61741 | Desolati | XOM: god gift: 33 sling bullets
 61769 | Desolati | Identified the cursed +0 plate armour of Trial and Error
                  | {Dex+4} (You found it in the Desolation of Salt)
 61926 | Desolati | XOM: give mutation
 61926 | Desolati | Gained mutation: You can translocate small distances at
                  | will. [Xom's grace]
 61988 | Desolati | Reached skill level 5 in Ice Magic
 62151 | Desolati | XOM: cast spell 'Cause Fear'
 62194 | Desolati | Reached XP level 21. HP: 119/141 MP: 33/33
 62521 | Vaults:3 | XOM: potion effect (magic)
 62524 | Vaults:3 | XOM: potion effect (brilliance)
 62647 | Vaults:3 | XOM: enchant monster (bad)
 62649 | Vaults:3 | Reached skill level 10 in Spellcasting
 62768 | Vaults:3 | Reached skill level 6 in Ice Magic
 62948 | Vaults:3 | Found Ylunneam's Assorted Antiques.
 63039 | Vaults:3 | XOM: confusion (+ monsters)
 63123 | Vaults:3 | XOM: noise
 63147 | Vaults:3 | Reached skill level 7 in Ice Magic
 63341 | Vaults:3 | XOM: confusion (+ monsters)
 63343 | Vaults:3 | XOM: swap monsters
 63343 | Vaults:3 | Noticed Frederick
 63394 | Vaults:3 | XOM: cast spell 'Disjunction'
 63540 | Vaults:2 | XOM: confusion (+ monsters)
 63542 | Vaults:2 | XOM: swap monsters
 63559 | Vaults:2 | XOM: summons 11 hostile demons
 63644 | Vaults:3 | Killed Frederick
 63771 | Vaults:3 | Reached skill level 8 in Ice Magic
 63815 | Vaults:3 | XOM: swap monsters
 63978 | Vaults:3 | Learned a level 2 spell: Blink
 64038 | Vaults:3 | Reached skill level 1 in Translocations
 64135 | Vaults:3 | XOM: blink monster(s)
 64466 | Vaults:3 | Reached skill level 9 in Ice Magic
 64542 | Vaults:3 | XOM: polymorph vault warden -> azure jelly
 64543 | Vaults:3 | XOM: polymorph azure jelly -> alligator snapping turtle
 64545 | Vaults:3 | XOM: silly message
 64548 | Vaults:3 | XOM: summons friendly iron imp
 64565 | Vaults:3 | XOM: confuse monster(s)
 64580 | Vaults:3 | XOM: scenery: 1 doors open, 1 doors close
 64594 | Vaults:3 | XOM: confuse monster(s)
 64684 | Vaults:3 | Found Xuluewelua's Distillery.
 64691 | Vaults:3 | Bought a potion of haste for 160 gold pieces
 64691 | Vaults:3 | Bought 2 potions of heal wounds for 160 gold pieces
 64691 | Vaults:3 | Bought a potion of stabbing for 64 gold pieces
 64691 | Vaults:3 | Bought a potion of haste for 160 gold pieces
 64995 | Vaults:4 | Reached skill level 10 in Ice Magic
 64999 | Vaults:4 | XOM: summons 5 friendly demons
 65293 | Vaults:4 | Reached skill level 11 in Ice Magic
 65684 | Vaults:4 | XOM: confuse monster(s)
 65708 | Vaults:4 | XOM: enchant monster (bad)
 65729 | Vaults:4 | XOM: scenery: create altars
 65891 | Vaults:4 | XOM: divination: detect creatures
 65937 | Vaults:4 | Reached skill level 12 in Ice Magic
 65962 | Vaults:4 | XOM: enchant monster (bad)
 65972 | Vaults:4 | Found Qustryma's Jewellery Emporium.
 65997 | Vaults:4 | Found Qodipnuu's Food Emporium.
 66021 | Vaults:4 | Found Emaimilic's Antique Weapon Emporium.
 66063 | Vaults:4 | XOM: enchant monster (bad)
 66066 | Vaults:4 | XOM: noise
 66078 | Vaults:4 | XOM: silly message
 66088 | Vaults:4 | XOM: confusion (+ monsters)
 66155 | Vaults:4 | Found Eniegg's Antique Armour Emporium.
 66173 | Vaults:4 | Bought a pair of heavily runed gloves for 218 gold pieces
 66173 | Vaults:4 | Identified the +1 pair of gloves of the Hills {Int+3} (You
                  | bought it in a shop on level 4 of the Vaults)
 66229 | Vaults:4 | XOM: 1-stop teleportation journey
 66249 | Vaults:4 | XOM: silly message
 66285 | Vaults:4 | Reached skill level 13 in Ice Magic
 66298 | Vaults:4 | Reached XP level 22. HP: 115/147 MP: 33/36
 66888 | Vaults:4 | XOM: give mutation
 66888 | Vaults:4 | Lost mutation: You are resistant to hostile enchantments.
                  | (MR+) [Xom's mischief]
 67157 | Depths:1 | Entered Level 1 of the Depths
 67164 | Depths:1 | Found a gateway to Hell.
 67201 | Depths:1 | XOM: 8-stop teleportation journey
 67217 | Depths:1 | XOM: confusion (+ monsters)
 67241 | Depths:1 | XOM: fog
 67243 | Depths:1 | Reached skill level 14 in Ice Magic
 67271 | Depths:1 | XOM: potion effect (berserk rage)
 67284 | Depths:1 | XOM: polymorph centaur -> jelly
 67308 | Depths:1 | XOM: confuse monster(s)
 67312 | Depths:1 | XOM: summons friendly quasit
 67464 | Depths:1 | Reached skill level 15 in Ice Magic
 67466 | Depths:1 | XOM: divination: detect items
 67470 | Depths:1 | XOM: fake destruction
 67593 | Depths:1 | XOM: confuse monster(s)
 67942 | Depths:1 | Noticed a juggernaut
 67945 | Depths:1 | Found a runed translucent door.
 67946 | Depths:1 | Identified the ring of Harmony {rElec rF- MP+9 Str+3 Int+2
                  | Slay+5}
 68400 | Depths:2 | XOM: chaos upgrade
 68411 | Depths:2 | Reached skill level 16 in Ice Magic
 68476 | Depths:2 | Found a corrupted altar of Lugonu.
 68476 | Depths:2 | Found a one-way gate to the infinite horrors of the Abyss.
 68530 | Depths:2 | Found a magical portal.
 68537 | WizLab   | Entered Wucad Mu's Monastery
 68646 | WizLab   | XOM: smoke on damage
 68665 | WizLab   | Found the +9 staff of Wucad Mu {channel}
 68669 | WizLab   | XOM: summons friendly iron imp
 68686 | WizLab   | XOM: confusion (+ monsters)
 68807 | WizLab   | XOM: silly message
 68878 | WizLab   | XOM: stat loss: -1 Str (9/10)
 68939 | Depths:2 | Reached XP level 23. HP: 152/152 MP: 37/37
 68977 | Depths:2 | XOM: confusion (+ monsters)
 69193 | Depths:2 | Reached skill level 17 in Ice Magic
 69371 | Depths:2 | XOM: scenery: create altars
 69781 | Depths:2 | XOM: confusion (+ monsters)
 69782 | Depths:2 | XOM: enchant monster (good)
 69888 | Depths:2 | XOM: give mutations
 69888 | Depths:2 | Lost mutation: You are very agile. (Dex +4) [Xom's
                  | mischief]
 69888 | Depths:2 | Gained mutation: Your spells are harder to cast, but more
                  | powerful. [Xom's mischief]
 69964 | Depths:2 | Found a gateway to a ziggurat.
 69964 | Depths:2 | Noticed an ancient lich
 69965 | Depths:2 | Noticed an ancient lich
 69990 | Depths:2 | XOM: chaos cloud
 70007 | Depths:2 | XOM: 4-stop teleportation journey
 70019 | Depths:2 | XOM: summons 3 hostile shadow creatures
 70149 | Depths:2 | XOM: give mutations
 70149 | Depths:2 | Lost mutation: You are partially covered in large bone
                  | plates. (SH +4) [Xom's mischief]
 70149 | Depths:2 | Lost mutation: You have a pair of small antennae on your
                  | head. [Xom's mischief]
 70149 | Depths:2 | Lost mutation: Your magical capacity is low. (-10% MP)
                  | [Xom's mischief]
 70345 | Depths:3 | XOM: summons 1 hostile demon
 70428 | Depths:3 | XOM: give mutation
 70428 | Depths:3 | Lost mutation: You evolve. [Xom's mischief]
 70432 | Depths:3 | Noticed a caustic shrike
 70490 | Depths:3 | Killed a caustic shrike
 70552 | Depths:3 | XOM: cast spell 'Olgreb's Toxic Radiance'
 70564 | Depths:3 | XOM: potion effect (invisibility)
 70587 | Depths:3 | Reached skill level 18 in Ice Magic
 70629 | Depths:3 | XOM: divination: detect items
 70650 | Depths:3 | XOM: destruction
 70797 | Depths:3 | Found a one-way gate leading to the halls of Pandemonium.
 71072 | Depths:3 | XOM: summons friendly shadow imp
 71193 | Depths:3 | XOM: potion effect (invisibility)
 71200 | Depths:3 | XOM: scenery: create altars
 71202 | Depths:3 | XOM: fog
 71282 | Depths:3 | XOM: god gift: 2 silver javelins
 71314 | Depths:3 | Identified a scroll of acquirement
 71974 | Orc:1    | XOM: scenery: create altars
 72030 | D:10     | XOM: give mutations
 72030 | D:10     | Gained mutation: You possess an exceptional clarity of
                  | mind. [Xom's grace]
 72030 | D:10     | Gained mutation: Your spells are much harder to cast, but
                  | much more powerful. [Xom's grace]
 72030 | D:10     | Gained mutation: You are very agile. (Dex +4) [Xom's grace]
 72030 | D:10     | Gained mutation: You have large cloven feet. [Xom's grace]
 72173 | Depths:1 | XOM: stat loss: -1 Dex (20/21)
 72435 | Depths:3 | Noticed Nikola
 72453 | Depths:3 | XOM: confuse monster(s)
 72457 | Depths:3 | Killed Nikola
 72457 | Depths:3 | Reached skill level 19 in Ice Magic
 72457 | Depths:3 | Reached XP level 24. HP: 151/157 MP: 41/41
 72660 | Depths:3 | XOM: scenery: 1 doors open
 72696 | Depths:3 | XOM: cloud trail
 73148 | Depths:4 | XOM: 2-stop teleportation journey
 73384 | Depths:4 | Found a glowing golden altar of the Shining One.
 73434 | Depths:4 | XOM: potion effect (might)
 73486 | Depths:4 | XOM: god gift: 3 rations
 73587 | Depths:4 | You fall into a shaft and drop 1 floor!
 73587 | Depths:5 | Entered Level 5 of the Depths
 73611 | Depths:5 | XOM: destruction
 73616 | Depths:5 | XOM: summons friendly shadow imp
 73624 | Depths:5 | XOM: enchant monster (good)
 73630 | Depths:5 | Noticed the Enchantress
 73680 | Depths:5 | XOM: 7-stop teleportation journey
 73699 | Depths:5 | XOM: confuse monster(s)
 73718 | Depths:5 | XOM: divination: detect items
 74029 | Depths:4 | XOM: silly message
 74295 | Depths:4 | XOM: give mutations
 74295 | Depths:4 | Lost mutation: Your spells are much harder to cast, but
                  | much more powerful. [Xom's mischief]
 74295 | Depths:4 | Lost mutation: You are very agile. (Dex +4) [Xom's
                  | mischief]
 74295 | Depths:4 | Gained mutation: Scrolls take you a little longer to read.
                  | [Xom's mischief]
 74295 | Depths:4 | Lost mutation: Your flesh is cold resistant. (rC+) [Xom's
                  | mischief]
 74401 | Depths:5 | Reached skill level 15 in Spellcasting
 74493 | Depths:5 | Cast into level 2 of the Abyss (spriggan defender)
 74495 | Abyss:2  | XOM: summons 3 hostile shadow creatures
 74733 | Abyss:2  | XOM: cleaving
 74763 | Abyss:2  | XOM: chaos cloud
 74938 | Abyss:2  | XOM: blink monster(s)
 75075 | Abyss:2  | XOM: blink monster(s)
 75079 | Abyss:2  | XOM: enchant monster (bad)
 75083 | Abyss:2  | XOM: scenery: create altars
 75268 | Depths:5 | Escaped the Abyss
 75268 | Depths:5 | XOM: smoke on damage
 75274 | Depths:5 | XOM: noise
 75282 | Depths:5 | XOM: polymorph deep troll -> spark wasp
 75308 | Depths:5 | XOM: polymorph swamp drake -> ice beast
 75338 | Depths:4 | XOM: summons 13 hostile demons
 75477 | Depths:5 | XOM: summons 3 hostile shadow creatures
 75491 | Depths:4 | XOM: confuse monster(s)
 75561 | Depths:4 | Killed the Enchantress
 75561 | Depths:4 | Reached skill level 20 in Ice Magic
 75874 | Depths:5 | XOM: enchant monster (bad)
 75877 | Depths:4 | XOM: noise
 75961 | Depths:5 | XOM: summons friendly shadow imp
 76127 | Depths:5 | Reached XP level 25. HP: 163/163 MP: 45/45
 76339 | Depths:5 | Reached skill level 21 in Ice Magic
 76505 | Depths:5 | XOM: noise
 76510 | Depths:5 | XOM: potion effect (stabbing)
 76528 | Depths:5 | XOM: summons friendly white imp
 76535 | Depths:5 | XOM: blink monster(s)
 76560 | Depths:5 | XOM: silly message
 76725 | Depths:4 | XOM: noise
 76831 | Depths:5 | XOM: cast spell 'Leda's Liquefaction'
 76877 | Depths:5 | XOM: scenery: 1 doors close
 76961 | Depths:5 | XOM: blink monster(s)
 77168 | Depths:5 | XOM: summons friendly white imp
 77199 | Depths:5 | XOM: noise
 77254 | Depths:5 | XOM: god gift: scroll of blinking
 77272 | Depths:5 | XOM: give mutations
 77272 | Depths:5 | Gained mutation: You evolve. [Xom's grace]
 77272 | Depths:5 | Gained mutation: You are partially covered in slimy green
                  | scales. (AC +2) [Xom's grace]
 77272 | Depths:5 | Gained mutation: Your mind is acute. (Int +2) [Xom's grace]
 77272 | Depths:5 | Gained mutation: You rapidly evolve. [Xom's grace]
 77334 | Depths:5 | XOM: scenery: create altars
 77412 | Depths:5 | XOM: summons 2 friendly demons
 77419 | Depths:5 | Reached skill level 22 in Ice Magic
 77692 | Depths:5 | XOM: cast spell 'Summon Mana Viper'
 77878 | Depths:5 | XOM: 1-stop teleportation journey
 77904 | Depths:5 | Identified the +3 mace "Wemyeseo" {venom, *Rage rC+ Stlth+}
 77912 | Depths:5 | XOM: enchant monster (good)
 77917 | Depths:5 | XOM: summons 2 friendly demons
 78041 | Depths:5 | Lost mutation: You possess an exceptional clarity of mind.
                  | [evolution]
 78519 | D:10     | XOM: cloud trail
 78618 | Orc:2    | Bought the +10 zealot's sword {holy, *Rage rN+ EV+3} for
                  | 3899 gold pieces
 78618 | Orc:2    | Found the +10 zealot's sword {holy, *Rage rN+ EV+3}
 79380 | Slime:1  | Entered Level 1 of the Pits of Slime
 79401 | Slime:1  | XOM: noise
 79498 | Slime:1  | Reached XP level 26. HP: 170/170 MP: 46/46
 80066 | Slime:4  | XOM: confuse monster(s)
 80087 | Slime:4  | XOM: destruction
 80128 | Slime:5  | Entered Level 5 of the Pits of Slime
 80200 | Slime:4  | XOM: cleaving
 80205 | Slime:4  | XOM: destruction
 80303 | Slime:4  | XOM: 1-stop teleportation journey
 80416 | Slime:5  | Noticed the Royal Jelly
 80420 | Slime:5  | Killed the Royal Jelly
 80440 | Slime:4  | XOM: give mutations
 80440 | Slime:4  | Gained mutation: You are very agile. (Dex +4) [Xom's grace]
 80440 | Slime:4  | Gained mutation: You have a pair of small horns on your
                  | head. [Xom's grace]
 80440 | Slime:4  | Gained mutation: You are robust. (+10% HP) [Xom's grace]
 80492 | Slime:4  | XOM: give mutations
 80492 | Slime:4  | Gained mutation: Your spells are much harder to cast, but
                  | much more powerful. [Xom's grace]
 80492 | Slime:4  | Gained mutation: You possess an exceptional clarity of
                  | mind. [Xom's grace]
 80492 | Slime:4  | Gained mutation: You are covered in fur. (AC +1) [Xom's
                  | grace]
 80492 | Slime:4  | Gained mutation: Your natural rate of healing is unusually
                  | fast. [Xom's grace]
 80953 | Slime:5  | XOM: repel stairs
 81110 | Slime:5  | XOM: chaos cloud
 81120 | Slime:4  | Gained mutation: You occasionally shout uncontrollably at
                  | your foes. [mutagenic glow]
 81561 | Slime:5  | Got a slimy rune of Zot
 81581 | Slime:5  | XOM: silly message
 81639 | Slime:5  | Identified the Compendium of Cloudy Shape Shifting
 81793 | Slime:5  | XOM: noise
 81804 | Slime:5  | XOM: summons 5 friendly demons
 82055 | Slime:5  | Learned a level 5 spell: Summon Mana Viper
 82134 | Slime:5  | Got a twisted quarterstaff
 82427 | Slime:5  | XOM: noise
 82470 | Slime:4  | XOM: 2-stop teleportation journey
 82692 | Snake:1  | Bought an uncursed amulet of the acrobat for 360 gold
                  | pieces
 82707 | Snake:1  | XOM: silly message
 82881 | D:15     | XOM: noise
 82939 | Depths:4 | XOM: cloud trail
 83042 | Depths:5 | Found a gate to the Realm of Zot.
 83066 | Depths:5 | Got a translucent shortbow
 83170 | Depths:5 | XOM: noise
 83433 | Zot:1    | Entered Level 1 of the Realm of Zot
 83914 | Depths:5 | XOM: divination: magic mapping
 83998 | Depths:5 | XOM: scenery: 2 doors close
 84140 | Zot:1    | XOM: 1-stop teleportation journey
 84302 | Zot:1    | XOM: potion effect (might)
 84303 | Zot:1    | Reached skill level 23 in Ice Magic
 84731 | Zot:1    | XOM: noise
 85214 | Zot:2    | XOM: 1-stop teleportation journey
 85314 | Zot:2    | XOM: 1-stop teleportation journey
 85447 | Zot:2    | Reached XP level 27. HP: 195/195 MP: 49/49
 85474 | Zot:2    | XOM: torment (109/195 hp)
 85617 | Zot:2    | Reached skill level 24 in Ice Magic
 86003 | Zot:2    | XOM: summons friendly ufetubus
 86107 | Zot:2    | You fall into a shaft and drop 2 floors!
 86108 | Zot:4    | XOM: confuse monster(s)
 86308 | Zot:4    | Noticed an orb of fire
 86313 | Zot:4    | Killed an orb of fire
 86313 | Zot:4    | Reached skill level 25 in Ice Magic
 86550 | Zot:4    | XOM: cleaving
 86558 | Zot:4    | XOM: summons friendly ufetubus
 86788 | Zot:4    | Noticed an orb of fire
 86789 | Zot:4    | Killed an orb of fire
 86901 | Zot:4    | XOM: cast spell 'Ring of Flames'
 86909 | Zot:4    | XOM: blink monster(s)
 86912 | Zot:4    | XOM: enchant monster (good)
 86927 | Zot:4    | XOM: silly message
 87055 | Zot:4    | XOM: summons 2 friendly demons
 87286 | Zot:4    | XOM: swap monsters
 87640 | Zot:4    | XOM: silly message
 87653 | Zot:4    | XOM: blink monster(s)
 87661 | Zot:4    | XOM: blink monster(s)
 88061 | Zot:4    | XOM: divination: magic mapping
 88138 | Zot:3    | Reached skill level 26 in Ice Magic
 88381 | Zot:4    | XOM: god gift: runed scale mail {god gift}
 88475 | Zot:2    | XOM: god gift: wand of random effects (15)
 88628 | Zot:2    | Lost mutation: You are robust. (+10% HP) [evolution]
 88733 | Zot:2    | Identified the +7 short sword "Eqeapr Ehuo" {vorpal, rN++
                  | Int-3 Dex+4}
 89843 | Zot:3    | XOM: divination: detect items
 90299 | Zot:3    | XOM: silly message
 90605 | Zot:3    | XOM: 1-stop teleportation journey
 90665 | Zot:3    | XOM: summons 3 hostile demons
 90723 | Zot:3    | XOM: noise
 90851 | Zot:3    | Reached skill level 27 in Ice Magic
 90952 | Zot:3    | XOM: summons 1 hostile shadow creature
 91022 | Zot:3    | XOM: 3-stop teleportation journey
 91302 | Zot:3    | XOM: give mutation
 91302 | Zot:3    | Lost mutation: You are very agile. (Dex +4) [Xom's
                  | mischief]
 91530 | Zot:3    | XOM: repel stairs
 91534 | Zot:3    | XOM: silly message
 91673 | Zot:5    | Entered Level 5 of the Realm of Zot
 91708 | Zot:5    | XOM: silly message
 91771 | Zot:5    | Noticed an orb of fire
 91773 | Zot:5    | Killed an orb of fire
 91893 | Zot:5    | XOM: divination: magic mapping
 91897 | Zot:5    | XOM: divination: detect items
 91910 | Zot:5    | XOM: divination: detect creatures
 92442 | Zot:5    | Noticed an ancient lich
 92443 | Zot:5    | XOM: potion effect (heal wounds)
 92448 | Zot:5    | Killed an ancient lich
 92464 | Zot:5    | XOM: divine lightning
 92467 | Zot:5    | XOM: summons friendly quasit
 92469 | Zot:5    | XOM: summons 2 friendly demons
 92472 | Zot:5    | XOM: scenery: create altars
 92474 | Zot:5    | Killed from afar by a black draconian stormcaller

Illustrated notes

#.## *######.(≈≈≈≈≈≈≈≈≈≈≈≈ ,
,* #÷_÷###(.!.#(..≈≈≈≈≈≈≈≈≈≈≈
.P.P...#(..#(...≈≈≈≈≈≈≈≈≈≈
#...#≈≈#[#)#.<.(.(((≈≈≈≈≈≈
≈≈.≈≈≈≈≈(.###.##[..(≈≈≈≈≈≈≈
P#≈≈≈≈≈≈≈#P.(###..b)≈≈≈≈(≈≈≈≈
≈≈≈≈≈.≈≈≈....((##...(≈≈≈≈≈≈≈≈
,
..≈P≈≈≈P≈..P#...###≈≈(≈≈≈≈≈≈≈
.≈≈..≈(.≈≈....≈≈@(≈≈)≈≈≈≈≈≈≈≈
≈≈≈.≈...≈≈###≈≈≈(≈≈≈≈≈≈≈≈≈≈≈
* ≈≈.≈...###≈≈≈≈≈≈≈≈≈≈≈≈≈≈≈≈≈
≈####.####...≈≈≈≈≈≈≈≈≈≈≈≈≈≈≈
≈≈........)..≈≈≈≈≈≈≈≈≈≈≈≈≈≈≈
.........[...≈≈≈≈≈≈≈≈≈≈≈≈≈≈≈
≈
...>.........≈≈≈≈≈≈≈≈≈≈≈≈≈≈≈≈
≈
......)^.....≈≈≈≈≈≈≈≈≈≈≈≈≈≈≈
≈ .............≈≈≈≈≈≈≈≈≈≈≈≈≈
≈


Turn 41331 on Shoals:1: wtf

Levels and vault maps discovered:
D:1:      dpeg_arrival_concentric_ovals, layout_loops_corners
D:2:      wad_woods_stonehenge, layout_basic
D:3:      layout_rooms, old_standard_altar, first_ration
D:4:      layout_loops_cross, st_stairs_2, hex_tiny, grunt_ministairs_13
D:5:      cheibrodos_helix_gallery, layout_basic, minmay_temple_entry_wispy
D:6:      layout_layer_cave, chequers_temple_overflow_statue_of_worship,
          nicolae_overflow_crystal_walls, kennysheep_opposing_triangles,
          uniq_blork_the_orc
D:7:      layout_rooms, fedhas_altar_2, grunt_livestock, uniq_pikel
D:8:      layout_cave_pools, eat_drink_and_be_merry_uskayaw, dpeg_lair_monsters,
          uniq_maggie
D:9:      kennysheep_seaside_town, layout_loops_ring, minivault_16,
          kennysheep_generic_room_4
D:10:     layout_basic, erik_orc_2, gammafunk_ghost_smash, serial_shops, shop,
          minmay_misc_feat_plants
D:11:     layout_roguey, gammafunk_ghost_hive, serial_shops,
          nicolae_shop_waterfront, kb_rosetta
D:12:     layout_long_grid, minmay_quadrilaterals, uniq_jorgrun, uniq_nessos,
          uniq_nergalle
D:13:     layout_cave_pods, serial_shops, shop, minmay_misc_feat_tower
D:14:     layout_loops_ring, ximxim_vaults_locker_room, hangedman_weighted_door
D:15:     grunt_enter_depths_giant_problem, layout_long_grid, grunt_decor_cap,
          jmf_multi_god_temple2, uniq_rupert, uniq_kirke
Lair:1:   layout_gridlike, minmay_lair_oklob_chamber, grunt_megastairs_1
Lair:2:   layout_hall_layers, minmay_snake_entry_six_corridors,
          fungi_pond_lemuel, uniq_gastronok
Lair:3:   lemuel_reptile_caves, layout_big_grid, minmay_shoals_entry_hut,
          infiniplex_staircase_pool_2, lemuel_fruit_tree
Lair:4:   layout_cave_pods, serial_forest, infiniplex_forest_lined_corner,
          infiniplex_forest_zigzag_1, infiniplex_forest_lined_3_way,
          infiniplex_forest_clump_long, infiniplex_forest_lined_1,
          infiniplex_forest_clump_long, infiniplex_forest_clump_curved
Lair:5:   layout_loops_ring, slime_altar_1, grunt_megastairs_5
Lair:6:   evilmike_catoblepas_cave, layout_gridlike, minmay_lindwurm_lava
Shoals:1: layout_shoals, nicolae_shoals_square_sea_wall,
          regret_index_shoals_crete
Shoals:2: layout_shoals, nicolae_shoals_circle_sea_wall,
          nicolae_shoals_isolated_beach
Shoals:3: layout_shoals, serial_shops, shop_statue
Shoals:4: shoals_end_simple, layout_shoals, ldierk_geyser, uniq_louise
Snake:1:  layout_chambers, serial_shops, shop, shop, st_stairs_14
Snake:2:  layout_layer_cave, basic_altar, minmay_shop_grove
Snake:3:  layout_misc_corridors, uniq_bai_suzhen
Snake:4:  minmay_snake_end_coiled, layout_cave_town
Slime:1:  layout_caves, cheibrodos_slime_lost_civilization_4
Slime:2:  layout_caves
Slime:3:  layout_caves, nicolae_slime_welcoming_committee
Slime:4:  layout_caves
Slime:5
Orc:1:    layout_diamond_mine, serial_shops, shop_fountains
Orc:2:    st_orc_congregation, layout_caves
Elf:1:    eino_elf_arrival_altar, layout_geoelf_octagon, serial_shops, shop,
          kennysheep_underground_church, minmay_misc_feat_alley
Elf:2:    layout_geoelf_octagon, lemuel_flamethrower_3, lemuel_elevator,
          uniq_saint_roka
Elf:3:    minmay_elf_hall_spiked, layout_loops_ring, serial_shops, shop,
          minivault_19, minivault_20
Vaults:1: hangedman_vaults_locks, vaults_dpeg_hooks, nicolae_vaults_little_ls,
          v_misc_15, nicolae_vaults_network_s, hangedman_vaults_stitches,
          sword_in_stone, nicolae_vaults_little_squares_4,
          nicolae_vaults_specimen_jars, vaults_mumra_chevron,
          vaults_room_fancy_cross, grunt_vaults_swirl, layout_vaults_maze,
          serial_shops, bzr_entry_safe
Vaults:2: vaults_room_hangedman_quadrants, nicolae_vaults_bisected_slash,
          layout_vaults_omnigrid, dummy_crypt_entry
Vaults:3: v_alt_pattern_3, nicolae_vaults_three_branches, v_misc_32,
          ontoclasm_vaults_eye, st_lines, hangedman_vaults_restitches,
          v_misc_14, ontoclasm_vaults_idyll, v_misc_15, vaults_dpeg_cross,
          hangedman_vaults_unwind, v_misc_29, layout_vaults_omnibox,
          portal_desolation_entry_nicolae_slug, serial_shops, shop, shop,
          uniq_frederick, uniq_margery
Vaults:4: vaults_mumra_chevron_long, v_pattern_3,
          nicolae_vaults_stairing_the_circle, nicolae_vaults_rhombus_6,
          v_misc_5, hangedman_vaults_hard_town_square, v_alt_pattern_6,
          hangedman_vaults_impose, nicolae_vaults_what_the_h, vaults_room_fours,
          grunt_vaults_hallway_short, layout_vaults_ring, serial_shops, shop
Depths:1: layout_honeycomb, chequers_serial_rivers_micro_d,
          pf_vacation_house_of_asmodeus, minmay_st_funbox, st_stairs_14,
          serial_sigils_hangedman_scratch, hangedman_decor_lopped, minivault_14,
          drop_trap, fountainhead
Depths:2: nicolae_whirlpool, layout_gridlike, enter_ziggurat_d,
          minmay_misc_feat_columns, abyss_entry_flame_altar, mu_enter_wizlab_6,
          hell_entry, hangedman_abyss_or_decor_lesser_grid,
          minmay_staircase_windowed_small
Depths:3: minmay_inside_and_out, layout_long_grid, grunt_hell_entry_dis_grunt,
          grunt_pan_entry_spiral, minmay_strange_pillars, uniq_nikola
Depths:4: abrahamwl_protected_by_tso_3, layout_gridville,
          hangedman_coc_ice_floe, abyss_entry, grunt_ministairs_5,
          kennysheep_generic_room_11, minmay_staircase_statues,
          serial_bayou_shore_b
Depths:5: lemuel_castle_with_subvaults [lemuel_castle_interior_original],
          layout_cave_shapes, hangedman_abyss_or_decor_stabs, hell_entry,
          serial_bayou_shore_a, grunt_megastairs_3, uniq_enchantress
Zot:1:    layout_onion_interference
Zot:2:    layout_basic, st_large_dragon_hoard_4
Zot:3:    grunt_deathspiral_small, layout_concentric_octagons
Zot:4:    lemuel_firehouse, layout_onion, st_small_dragon_hoard_4
Zot:5:    layout_misc_corridors

Skill      XL: |  1  2  3  4  5  6  7  8  9 10 11 12 13 14 15 16 17 18 19 20 21 22 23 24 25 26 27 |
---------------+----------------------------------------------------------------------------------+-----
Dodging        | 3 4 5 6 8 11 12 14 15 16 17 18 | 18.0
Stealth        | 1 2 3 4 7 9 10 12 | 12.0
Fighting       | 3 4 5 7 8 10 11 13 14 16 17 18 20 22 | 22.0
Short Blades   | 2 3 5 |  5.5
Staves         | 3 |  3.8
Evocations     | 1 3 6 8 10 14 | 14.3
Armour         | 5 11 | 11.0
Long Blades    | 6 9 11 12 13 | 13.8
Spellcasting   | 3 4 5 9 12 16 17 20 | 20.0
Hexes          | 4 8 12 14 | 14.0
Charms         | 4 5 7 |  7.0
Shields        | 3 4 |  4.0
Ice Magic      | 5 13 16 19 20 22 23 27 | 27.0
Translocations | 2 |  2.0

Action                   |  1- 3 |  4- 6 |  7- 9 | 10-12 | 13-15 | 16-18 | 19-21 | 22-24 | 25-27 || total
-------------------------+-------+-------+-------+-------+-------+-------+-------+-------+-------++-------
Melee: Falchion          |    15 |       |       |     7 |       |       |       |       |       ||    22
       Whip              |   103 |   278 |   142 |       |       |       |       |       |       ||   523
       Unarmed           |       |     8 |       |       |     2 |       |       |       |       ||    10
       Short sword       |       |       |   320 |       |       |       |       |       |       ||   320
       Quarterstaff      |       |       |    27 |       |       |       |       |       |       ||    27
       Peck              |       |       |    24 |   252 |   373 |   698 |   113 |       |       ||  1460
       Dagger            |       |       |    23 |  1056 |  1720 |   508 |   380 |       |       ||  3687
       Kick              |       |       |       |   265 |    23 |       |       |       |       ||   288
       Scimitar          |       |       |       |    21 |    13 |    23 |       |       |       ||    57
       Headbutt          |       |       |       |       |    49 |       |       |       |   109 ||   158
       Quick blade       |       |       |       |       |       |  2539 |    57 |       |       ||  2596
       Pair of quick bla |       |       |       |       |       |       |  1634 |  1352 |   917 ||  3903
       Rapier            |       |       |       |       |       |       |    73 |       |       ||    73
       Bite              |       |       |       |       |       |       |   265 |   239 |   141 ||   645
       Eudemon blade     |       |       |       |       |       |       |       |       |    14 ||    14
       Staff             |       |       |       |       |       |       |       |       |     2 ||     2
 Fire: Shortbow          |       |       |    12 |       |       |       |       |       |       ||    12
Throw: Boomerang         |       |    11 |     5 |       |       |     2 |    31 |       |       ||    49
       Dart              |       |     1 |    17 |     6 |       |       |     3 |     2 |       ||    29
 Cast: Spectral Weapon   |       |       |       |    50 |   141 |   207 |   148 |    88 |    62 ||   696
       Confusing Touch   |       |       |       |       |     7 |     9 |       |       |       ||    16
       Invisibility      |       |       |       |       |       |       |    12 |     7 |    10 ||    29
       Darkness          |       |       |       |       |       |       |    44 |    16 |    17 ||    77
       Blink             |       |       |       |       |       |       |       |     2 |     4 ||     6
       Absolute Zero     |       |       |       |       |       |       |       |     1 |   271 ||   272
 Abil: Evoke Invisibilit |       |       |       |     2 |    12 |    21 |    10 |       |       ||    45
       Evoke Flight      |       |       |       |       |     1 |       |       |       |       ||     1
Evoke: Wand              |       |       |     6 |     7 |     4 |    42 |     6 |     7 |     1 ||    73
       Box of beasts     |       |       |       |     2 |     1 |       |       |       |       ||     3
       Lightning rod     |       |       |       |       |     7 |     8 |     2 |       |       ||    17
       Tin of tremorston |       |       |       |       |     4 |    10 |     6 |     5 |     4 ||    29
       Phantom mirror    |       |       |       |       |       |       |     1 |       |       ||     1
  Use: Scroll            |       |    10 |    13 |    13 |     9 |    18 |    19 |    13 |    10 ||   105
       Potion            |       |       |     5 |     9 |     4 |     8 |     4 |    10 |     5 ||    45
 Stab: Sleeping          |     1 |     6 |     3 |    13 |    16 |    18 |    27 |    13 |    11 ||   108
       Confused          |       |     1 |     2 |     8 |    13 |    29 |     8 |    13 |     4 ||    78
       Paralysed         |       |     4 |       |       |     4 |     1 |     3 |     1 |       ||    13
       Distracted        |       |       |       |    11 |    34 |    44 |    62 |    22 |    18 ||   191
       Invisible         |       |       |       |     7 |    35 |    86 |   114 |    71 |   117 ||   430
       Petrified         |       |       |       |     1 |     1 |     1 |       |       |       ||     3
       Petrifying        |       |       |       |       |     2 |     7 |       |     1 |       ||    10
  Eat: Chunk             |     2 |     4 |     7 |    27 |    41 |    32 |    43 |    19 |    14 ||   189
       Ration            |     1 |     2 |     5 |     1 |     6 |    14 |     7 |     4 |    35 ||    75
Armor: Leather armour    |    50 |    69 |   113 |    14 |       |       |   122 |   145 |       ||   513
       Skin              |       |     8 |       |    45 |     7 |     1 |       |       |       ||    61
       Troll leather arm |       |       |       |    82 |   114 |   152 |    37 |       |       ||   385
       Storm dragon scal |       |       |       |       |       |    41 |       |       |       ||    41
       Acid dragon scale |       |       |       |       |       |       |       |    20 |   151 ||   171
Dodge: Dodged            |   110 |   155 |   414 |   802 |   847 |  1691 |  1010 |   905 |   544 ||  6478
       Repelled          |       |       |       |       |    13 |   159 |    17 |       |       ||   189
Block: Buckler           |       |       |       |   280 |   418 |   429 |    77 |       |       ||  1204
       Other             |       |       |       |       |       |       |   121 |    58 |       ||   179
       Rpst.: Falchion   |     4 |       |       |     3 |       |       |       |       |       ||     7
       Scimitar          |       |       |       |     9 |     1 |     8 |       |       |       ||    18
